 Dungeon Crawl Stone Soup version 0.18-a0-1773-gec4f98e (webtiles) character file.

15441999 Moloch the Archmage (level 27, 152/152 HPs)
             Began as a Gargoyle Berserker on Apr 13, 2016.
             Was the Champion of Makhleb.
             Escaped with the Orb
             ... and 15 runes on Apr 14, 2016!
             The game lasted 08:38:08 (102747 turns).

Moloch the Archmage (Gargoyle Berserker)          Turns: 102747, Time: 08:38:08

Health: 152/152    AC: 46    Str: 26    XL:     27
Magic:  37/54      EV: 27    Int: 16    God:    Makhleb [******]
Gold:   12959      SH: 20    Dex: 14    Spells: 12 memorised, 5 levels left

rFire  + + +     SeeInvis +     o - +14 obsidian axe {chop, +Fly Str+3 SInv *Curse} (curse)
rCold  + + .     Gourm    .     Q - +1 faerie dragon armour {rF++ MR- Regen+ rCorr Stlth+}
rNeg   + . .     Faith    .     u - +5 shield of the Dungeon {rF+ Int+3 Dex-2 Slay+3}
rPois  ∞         Spirit   .     k - +2 helmet {SInv}
rElec  +         Dismiss  .     W - +0 cloak "Uklea" {Int+3}
rCorr  +         Reflect  .     j - +2 pair of gloves {Dex+3}
SustAt .         Harm     .     f - +1 pair of boots "Dup Zam" {rElec MR+}
MR     ++++.                    I - amulet of regeneration
Stlth  +.........               H - ring of the Mage {Wiz MR++ Int+3}
                                w - ring "Jaddext" {*Contam +Inv rC++ SInv}

@: tornado, flying, very slightly contaminated, regenerating, hasted, very
quick, incredibly resistant to hostile enchantments, very unstealthy
A: big wings, blurry vision 1, clumsy 2, deterioration 1, dopey 2, frail 2,
negative energy resistance 1, screaming 2, electricity resistance, slow
regeneration 1, unbreathing, petrification resistance, rot immunity, subdued
magic 2, MP-powered wands, AC +20
a: Stop Flying, Minor Destruction, Lesser Servant of Makhleb, Major Destruction,
Greater Servant of Makhleb, Renounce Religion, Evoke Invisibility
0: Orb of Zot
}: 15/15 runes: barnacled, slimy, silver, golden, iron, obsidian, icy, bone,
abyssal, demonic, glowing, magical, fiery, dark, gossamer


You escaped.
You worshipped Makhleb.
Makhleb was exalted by your worship.
You were not hungry.

You visited 17 branches of the dungeon, and saw 92 of its levels.
You visited Pandemonium 1 time, and saw 29 of its levels.
You visited the Abyss 2 times.
You visited 1 bazaar.
You visited 2 ziggurats, and saw 25 of their levels (deepest: 21).
You also visited: Trove, Ossuary, Volcano and Wizlab.

You collected 17585 gold pieces.
You spent 4626 gold pieces at shops.

Inventory:

Hand Weapons
 o - the cursed +14 obsidian axe (weapon) {chop, +Fly Str+3 SInv *Curse}
   (Trog gifted it to you on level 4 of the Vaults)

   It inflicts extra damage upon your enemies.
   It affects your strength (+3).
   It lets you see invisible.
   It lets you fly.
   It may re-curse itself when equipped.
   It has a curse placed upon it.
 M - a +9 executioner's axe of holy wrath
 Y - a +9 antimagic executioner's axe
Armour
 e - the +0 pair of gloves of Qieredesk {*Confuse rC+++ MP+9 Str+4}
   (You found it in a treasure trove)

   It affects your strength (+4).
   It renders you almost immune to cold.
   It affects your magic capacity (+9).
   It may confuse you when you take damage.
 f - the +1 pair of boots "Dup Zam" (worn) {rElec MR+}
   (You found it in a treasure trove)

   It insulates you from electricity.
   It affects your resistance to hostile enchantments.
 j - a +2 pair of gloves of dexterity (worn)
 k - a +2 helmet of see invisible (worn)
 u - the +5 shield of the Dungeon (worn) {rF+ Int+3 Dex-2 Slay+3}
   (You bought it in a shop in a bazaar)

   It affects your intelligence (+3).
   It affects your dexterity (-2).
   It affects your accuracy and damage with ranged weapons and melee attacks
   (+3).
   It protects you from fire.
 Q - the +1 faerie dragon armour (worn) {rF++ MR- Regen+ rCorr Stlth+}
   (You took it off the Enchantress on level 3 of the Depths)

   It greatly protects you from fire.
   It affects your resistance to hostile enchantments.
   It increases your rate of regeneration.
   It protects you from acid and corrosion.
   It makes you more stealthy.
 W - the +0 cloak "Uklea" (worn) {Int+3}
   (You found it on level 18 of a ziggurat)

   It affects your intelligence (+3).
Jewellery
 a - the ring of Fulesk {MR++ Int-3 Dex+2 Slay+4 Stlth-}
   (You took it off a deep elf annihilator on level 3 of the Elven Halls)

   [ring of loudness]

   It affects your intelligence (-3).
   It affects your dexterity (+2).
   It affects your accuracy and damage with ranged weapons and melee attacks
   (+4).
   It affects your resistance to hostile enchantments.
   It makes you less stealthy.
 t - the ring of Jyneepho {rF+ rN+ Dex+3 Stlth+}
   (You bought it in a shop in a bazaar)

   [ring of stealth]

   It affects your dexterity (+3).
   It protects you from fire.
   It protects you from negative energy.
   It makes you more stealthy.
 w - the ring "Jaddext" (left hand) {*Contam +Inv rC++ SInv}
   (You found it on level 20 of a ziggurat)

   [ring of see invisible]

   It greatly protects you from cold.
   It lets you see invisible.
   It lets you turn invisible.
   It causes magical contamination when unequipped.
 H - the ring of the Mage (right hand) {Wiz MR++ Int+3}
   (You found it on level 7 of the Iron City of Dis)

   [ring of wizardry]

   It improves your spell success rate.
   It affects your intelligence (+3).
   It affects your resistance to hostile enchantments.
 I - an amulet of regeneration (around neck)
 O - the ring of Goumn {rC+ MR+++ MP+9 Slay-3 Stlth-}
   (You found it on level 21 of a ziggurat)

   [ring of loudness]

   It affects your accuracy and damage with ranged weapons and melee attacks
   (-3).
   It protects you from cold.
   It affects your resistance to hostile enchantments.
   It affects your magic capacity (+9).
   It makes you less stealthy.
Wands
 F - a wand of teleportation (4/9)
 K - a wand of digging (15/24)
Scrolls
 b - 2 scrolls of summoning
 d - 23 scrolls of fog
 p - 6 scrolls of magic mapping
 r - 9 scrolls of torment
 s - 9 scrolls of immolation
 v - 13 scrolls of enchant weapon
 y - 2 scrolls of silence
 A - 30 scrolls of remove curse
 B - 15 scrolls of recharging
 D - 10 scrolls of fear
 E - 25 scrolls of teleportation
 U - 7 scrolls of holy word
 X - 5 scrolls of blinking
 Z - 14 scrolls of identify
Potions
 h - 5 potions of haste
 m - 12 potions of agility
 n - 8 potions of invisibility
 q - 3 potions of cancellation
 x - 3 potions of cure mutation
 z - 2 potions of mutation
 C - 7 potions of resistance
 G - a potion of brilliance
 J - 5 potions of heal wounds
 P - 4 potions of curing
 V - 7 potions of might
Miscellaneous
 g - an ornate deck of changes {Dowsing}
 i - a legendary deck of wonders {the Helix}
 L - an ornate deck of escape {Velocity}
 N - an ornate deck of summoning {the Rangers}
 R - 2 phantom mirrors
 S - a legendary deck of summoning {the Rangers}
 T - an ornate deck of summoning {the Pentagram}
Comestibles
 c - a bread ration
 l - 52 meat rations


   Skills:
 * Level 24.3 Fighting
 - Level 26.2 Axes
 * Level 21.9 Armour
 * Level 24.5 Dodging
 - Level 16.2 Shields
 O Level 27 Spellcasting
 * Level 14.1 Charms
 + Level 21.8 Necromancy
 O Level 27 Air Magic


You had 5 spell levels left.
You knew the following spells:

 Your Spells              Type           Power        Failure   Level  Hunger
a - Tornado               Air            ######....   2%          9    #######
b - Deflect Missiles      Chrm/Air       ######....   1%          6    ###....
c - Blink                 Tloc           N/A          1%          2    None
d - Regeneration          Chrm/Necr      #####.....   0%          3    None
e - Song of Slaying       Chrm           #####...     0%          2    None
f - Dragon's Call         Summ           ##........   100%        9    #######
g - Haste                 Chrm           #####...     1%          6    ###....
h - Necromutation         Trmt/Necr      #####.....   65%         8    ######.
i - Death's Door          Chrm/Necr      #####.....   2%          8    ######.
j - Borgnjor's Revivific  Necr           ######....   1%          8    ######.
k - Controlled Blink      Tloc           N/A          100%        8    ######.
l - Invisibility          Hex            ##......     91%         6    ###....


Dungeon Overview and Level Annotations

Branches:
Dungeon (15/15)            Temple (0/1) D:4            Lair (8/8) D:10
 Shoals (4/4) Lair:5       Spider (4/4) Lair:6        Slime (6/6) Lair:8
    Orc (2/2) D:12            Elf (3/3) Orc:2        Vaults (5/5) D:14
  Crypt (3/3) Vaults:2       Tomb (3/3) Crypt:3      Depths (5/5) D:15
   Hell (1/1)                 Dis (7/7) Hell            Geh (7/7) Hell
    Coc (7/7) Hell            Tar (7/7) Hell            Zot (5/5) Depths:5

Altars:
Cheibriados
Dithmenos
Elyvilon
Gozag
Makhleb
Nemelex Xobeh
Pakellas
Ru
Sif Muna
Trog
Vehumet
Xom
Yredelemnul
Zin
The Shining One
Beogh
Lugonu

Shops:
D:11 *   D:12 :   D:14 }   Orc:1 %   Orc:2 =*[(   Vaults:2 [   Vaults:5 :
Depths:1 %   Depths:3 %[*

Portals:
Hell: Depths:1 Depths:2 Depths:3 Depths:4
Abyss: Depths:2 Depths:3
Pandemonium: Depths:1 Depths:3

Annotations:
D:4 exclusion: statue


Innate Abilities, Weirdness & Mutations

You are resistant to torment.
Your stone body is resilient (AC +20).
You are immune to poison.
Your large and strong wings let you fly indefinitely.
You resist negative energy.
You are resistant to electric shocks.
You can survive without breathing.
You are immune to petrification.
You are immune to rotting.
Scrolls take you a little longer to read.
You are very clumsy. (Dex -4)
Your body sometimes deteriorates upon taking damage.
You are very dopey. (Int -4)
You are very frail (-20% HP).
You sometimes yell uncontrollably at your foes.
You regenerate slowly when monsters are visible.
Your spells are easier to cast, but less powerful.
You expend magic power (3 MP) to strengthen your wands.


Message History

You fly upwards.
There is a stone staircase leading down here.
There is an open door here.
There is a staircase leading out of the dungeon here.
Casting: Tornado
Confirm with . or Enter, or press ? or * to list all spells.
Aiming: Haste
Press: ? - help, Shift-Dir - straight line, f - you You feel yourself speed up.
You are very lightly contaminated with residual magic.
Casting: Haste
Confirm with . or Enter, or press ? or * to list all spells.
Your skin crawls.
Casting: Regeneration
Confirm with . or Enter, or press ? or * to list all spells.
You can't see any susceptible monsters within range! (Use Z to cast anyway.)
Casting: Regeneration
Confirm with . or Enter, or press ? or * to list all spells.
A great vortex of raging winds appears around you.
You have escaped!

##.###..#####≈≈≈≈≈§§#####..####.#
+..##.### #≈≈≈.(..(§§§# ###.###.#
####.## #§....(..§§.# ##.##.+ #
##.# ######(###### #.##.# #
#.###### ####8§8#### #####.##.. #
#.##≈(.###§§§§§§§§§###...##.#.#
###.#≈≈..##.§§§§§§§§§.##....#.#..
.##.#§§..##.§§§§§§§§§..#....#.#(#
.##.+≈((((8.§§§§@§§§§.......'...#
.##.#≈...#'.§§§§§§§§§..#....#.#.#
..#.#≈≈(.##.§§§§§§§§§.##....#.#..
..#.##≈..###§§§§§§§§§###...##.#.#
..##.##### ###8#8§8### #####.##.#
..##.# ######'###### #.##.#
..##.## #...........# ##.##.#
..###.### #≈§≈.....≈≈≈# ###.##..#
### ##..#####≈≈≈≈§≈§#####..##...#


There were no monsters in sight!

Vanquished Creatures
  Cerebov (Pan)
  Antaeus (Coc:7)
  the Royal Jelly (Slime:6)
  Asmodeus (Geh:7)
  Ereshkigal (Tar:7)
  the Serpent of Hell (Dis:7)
  Gloorx Vloq (Pan)
  A seraph (Pan)
  Lom Lobon (Pan)
  Mnoleg (Pan)
  Dispater (Dis:7)
  7 ancient liches
  Khufu (Tomb:3)
  8 orbs of fire (Zot:5)
  Mara (Depths:3)
  Mennas (Vaults:2)
  38 greater mummies
  Sojobo (Depths:3)
  7 iron giants
  12 shard shrikes
  Frederick (Vaults:2)
  Margery (Vaults:2)
  Norris (Vaults:1)
  Saint Roka (Depths:2)
  Geryon (Hell)
  A caustic shrike (Zig:13)
  5 Killer Klowns
  8 golden dragons
  2 profane servitors (Crypt:3)
  the Enchantress (Depths:3)
  2 pearl dragons (Pan)
  23 bone dragons
  Jory (Vaults:2)
  Xtahua (Crypt:1)
  34 Tzitzimimeh
  An electric golem (Zot:5)
  18 Brimstone Fiends
  13 doom hounds
  Jorgrun (Depths:2)
  5 hellephants
  32 Ice Fiends
  19 Hell Sentinels
  14 tentacled monstrosities
  16 liches
  7 deep elf master archers
  27 Orb Guardians
  A quicksilver dragon (Zig:10)
  6 deep elf blademasters
  4 eldritch tentacles
  A quicksilver dragon (shapeshifter) (Zig:15)
  7 tentacled starspawn
  28 Executioners
  8 titans
  12 sphinxes
  59 large abominations
  Polyphemus (Shoals:2)
  A death cob (Zot:4)
  A kraken (Shoals:1)
  17 pandemonium lords
  9 acid blobs
  8 ancient champions
  23 shadow dragons
  3 draconian monks
  14 tengu reavers
  7 revenants
  Roxanne (D:14)
  16 daevas
  9 storm dragons
  Wiglaf (Vaults:4)
  8 draconian knights
  Donald (Vaults:3)
  A frost giant (shapeshifter) (Depths:4)
  9 fire giants
  8 azure jellies
  11 frost giants
  7 emperor scorpions
  13 corrupters
  16 iron dragons
  37 cacodemons
  6 deep elf sorcerers
  Maud (Orc:2)
  13 vault wardens
  3 orc warlords
  13 ghost moths
  A caustic shrike zombie (Zig:16)
  4 draconian scorchers
  2 draconian zealots
  10 warmongers
  2 draconian shifters (Zot:5)
  5 curse skulls
  26 angels
  76 reapers
  4 spriggan defenders
  13 ghouls
  27 very ugly things
  34 balrugs
  7 deep elf elementalists
  Louise (Shoals:3)
  12 blood saints
  5 draconian annihilators
  A draconian caller (Zot:5)
  10 vampire knights
  24 apis (Pan)
  22 ironheart preservers
  39 stone giants
  6 elemental wellsprings
  18 ophanim (Pan)
  7 salamander stormcallers
  2 spectral titans (Tar:2)
  The ghost of alphacentauri the Spry, a journeyman FeCj of Vehumet (Spider:1)
  24 war gargoyles
  2 spark wasps
  11 lorocyprocas
  Nessos (Orc:2)
  4 purple draconians
  7 chaos champions
  10 white draconians
  13 deep elf demonologists
  13 bennus
  6 red draconians
  7 black draconians
  8 black suns
  5 green draconians
  14 dire elephants
  7 mottled draconians
  Snorg (Orc:2)
  12 deep elf annihilators
  33 blizzard demons
  A minotaur (shapeshifter) (Vaults:5)
  10 yellow draconians
  10 fire dragons
  20 green deaths
  18 ettins
  2 merfolk javelineers (Shoals:4)
  5 deep elf death magi
  14 crystal guardians
  20 eidola
  31 vault guards
  5 quicksilver dragon zombies
  2 death oozes (Slime:6)
  22 mummy priests
  16 yaktaur captains
  19 ogre magi
  10 deep elf high priests
  6 kraken zombies
  8 jiangshi
  8 merfolk impalers
  12 great orbs of eyes
  A quicksilver dragon skeleton (Tar:5)
  2 merfolk avatars
  34 ice dragons
  6 rakshasas
  12 spriggan air magi
  12 entropy weavers
  2 naga warriors
  11 hydras
  8 monstrous demonspawn
  3 ghost crabs
  8 hell beasts
  An anaconda (Lair:8)
  4 catoblepae
  Erica (Depths:2)
  15 centaur warriors
  57 dancing weapons
  7 death knights
  3 satyrs (Shoals:4)
  The ghost of Wizbit the Cleaver, a novice HOFi of Okawaru (Volcano)
  8 deep troll shamans
  2 alligator snapping turtles
  An alligator (shapeshifter) (Depths:4)
  5 merfolk aquamancers
  5 death yaks
  12 deep troll earth magi
  3 thrashing horrors
  8 titan zombies
  4 orc high priests
  4 tengu warriors
  11 vampire magi
  22 hell hogs
  27 deep elf knights
  6 spriggans
  53 soul eaters
  Sonja (D:15)
  50 sun demons
  4 spriggan berserkers
  5 titan skeletons
  8 iron golems
  4 wretched stars
  5 storm dragon zombies
  An iron troll (shapeshifter) (Depths:4)
  118 skeletal warriors
  54 death scarabs
  2 fire crabs
  11 iron trolls
  5 storm dragon skeletons
  51 hell knights
  15 flayed ghosts
  3 ghost moth zombies
  A salamander mystic (Geh:6)
  7 unseen horrors
  A sea snake (shapeshifter) (Vaults:1)
  A deep troll (shapeshifter) (Depths:4)
  45 deep trolls
  5 spatial maelstroms
  19 shadow demons
  12 wizards
  9 golden dragon zombies
  12 gelid demonspawn (Pan)
  12 giant orange brains
  28 shadow wraiths
  14 cherubim (Pan)
  18 deep elf archers
  13 sea snakes
  19 anaconda zombies
  A hill giant (shapeshifter) (Zot:3)
  2 obsidian statues (Depths:4)
  10 putrid demonspawn (Pan)
  3 tengu zombies
  5 shadow dragon zombies
  The ghost of Ratboiler the Cleaver, a novice OpWn of Gozag (D:8)
  An orange crystal statue (Zig:3)
  8 anaconda skeletons
  4 death drakes
  A harpy (shapeshifter) (Zig:15)
  14 infernal demonspawn (Pan)
  4 lindwurms (Lair:8)
  An anubis guard (shapeshifter) (Zig:15)
  39 phantasmal warriors
  12 torturous demonspawn (Pan)
  20 ironbrand convokers
  15 iron dragon zombies
  21 anubis guards
  17 hill giants
  21 orc knights
  17 necromancers
  10 frost giant zombies
  2 mana vipers (shapeshifter) (Vaults:5)
  7 wolf spider zombies
  A glowing shapeshifter (Orc:2)
  26 harpies
  8 shining eyes
  A sphinx skeleton (Zig:16)
  36 wolf spiders
  A wolf spider (shapeshifter) (Depths:2)
  21 orb spiders
  8 stone giant zombies
  5 golden dragon skeletons
  14 cyclopes
  12 manticores
  69 deep elf magi
  10 hornets
  8 fauns
  8 orc sorcerers
  60 ugly things
  2 manticores (shapeshifter)
  A shining eye (shapeshifter) (Depths:4)
  7 fire giant zombies
  7 frost giant skeletons
  17 griffons
  2 stone giant skeletons
  2 ice statues (Coc:7)
  2 worldbinders
  6 shadow dragon skeletons
  3 salamanders (Geh:6)
  10 iron dragon skeletons
  17 elephants
  57 rust devils
  7 dire elephant zombies
  6 sirens
  Joseph (Lair:1)
  2 eyes of devastation
  23 moths of wrath
  15 vault sentinels
  41 sixfirhies
  7 water nymphs
  A titan simulacrum (Crypt:3)
  8 black mambas
  12 molten gargoyles
  A guardian serpent (Abyss:2)
  32 orange demons
  66 smoke demons
  8 fire giant skeletons
  5 gargoyles
  7 dire elephant skeletons
  2 apocalypse crabs
  2 catoblepas zombies
  7 torpor snails
  21 spiny frogs
  4 shock serpent skeletons
  28 hellions
  7 emperor scorpion zombies
  20 demonic crawlers
  4 rime drakes
  51 yaktaurs
  9 komodo dragons
  19 small abominations
  8 efreet
  20 hydra zombies
  3 elves (Depths:3)
  25 hellwings
  2 kobold demonologists (D:13)
  46 ice devils
  49 freezing wraiths
  A yaktaur (shapeshifter) (Depths:4)
  A grey draconian skeleton (Crypt:2)
  67 tormentors
  2 iron troll zombies (Dis:2)
  An entropy weaver zombie (Crypt:1)
  An anaconda simulacrum (Hell)
  6 harpy zombies
  47 guardian mummies
  7 ancient zymes
  A queen bee (D:9)
  2 tengu conjurers
  A polar bear (shapeshifter) (Zig:19)
  A jumping spider (shapeshifter) (Vaults:1)
  40 jumping spiders
  14 trolls
  43 merfolk
  2 elf skeletons (Zig:16)
  32 red devils
  5 silent spectres
  30 wind drakes
  4 catoblepas skeletons
  A two-headed ogre (shapeshifter) (Vaults:2)
  2 iron troll skeletons
  Prince Ribbit (D:8)
  7 polar bears
  7 raiju
  42 two-headed ogres
  Grinder (D:3)
  19 ushabtiu
  A blink frog (shapeshifter) (Vaults:1)
  4 harpy skeletons
  A stone giant simulacrum (Coc:1)
  A minotaur skeleton (Tar:7)
  A troll (shapeshifter) (Vaults:5)
  12 blink frogs
  4 boulder beetles
  17 hydra skeletons
  2 boulder beetles (shapeshifter) (Depths:4)
  10 alligator zombies
  4 bog bodies (Coc:7)
  38 slime creatures
  A shadow dragon simulacrum (Hell)
  5 ettin zombies
  9 snapping turtles
  7 fire dragon zombies
  9 ice dragon zombies
  51 air elementals
  A frost giant simulacrum (Abyss:2)
  5 fire dragon skeletons
  A hornet zombie (D:15)
  2 black mamba zombies
  3 redbacks (shapeshifter)
  13 starcursed masses
  13 ettin skeletons
  32 ynoxinuls
  A griffon skeleton (Crypt:1)
  114 flying skulls
  3 vampires
  A wyvern (D:13)
  94 redbacks
  A black mamba skeleton (Tar:7)
  4 ice dragon skeletons
  58 yaks
  31 shadows
  28 water elementals
  An alligator skeleton (Coc:4)
  41 tarantellas
  19 fire elementals
  A hog (Volcano)
  2 steam dragons
  3 basilisks
  41 wraiths
  A fire bat (Volcano)
  18 humans (D:14)
  26 chaos spawn
  A human (shapeshifter) (Depths:4)
  11 hippogriffs
  7 hungry ghosts
  8 golden eyes
  27 vampire mosquitoes
  3 hippogriffs (shapeshifter)
  37 neqoxecs
  A human simulacrum (Vaults:1)
  A redback simulacrum (Vaults:1)
  A catoblepas simulacrum (Coc:1)
  2 putrid demonspawn zombies
  2 mottled dragons
  8 insubstantial wisps
  A naga (Abyss:2)
  A naga (shapeshifter) (Vaults:2)
  A soldier ant (D:12)
  4 spatial vortices
  3 hydra simulacra
  10 wargs
  17 spiny frog zombies
  14 water moccasins
  An orb spider zombie (Crypt:1)
  A giant eyeball (shapeshifter) (Zig:15)
  67 hell hounds
  22 porcupines
  18 ice beasts
  A porcupine (shapeshifter) (Zig:17)
  3 manticore zombies
  46 orc warriors
  4 sky beasts
  10 spiny frog skeletons
  A swamp drake (Zig:1)
  5 slaves (Depths:3)
  4 wasps
  10 black bears
  2 eyes of draining (Slime:1)
  10 phantoms
  10 boggarts
  77 ogres
  6 snapping turtle zombies
  40 necrophages
  22 wolves
  5 swamp dragon zombies
  20 centaurs
  15 crocodiles
  5 snapping turtle skeletons
  A manticore skeleton (Geh:1)
  A big kobold (shapeshifter) (Elf:3)
  A swamp dragon skeleton (Geh:7)
  2 big kobolds
  23 giant frogs
  A rime drake skeleton (Crypt:1)
  A glowing shapeshifter simulacrum (Zig:7)
  21 earth elementals
  A wyvern zombie (D:11)
  4 spiny frog simulacra
  3 water moccasin zombies (Ossuary)
  2 spectral wargs (Depths:3)
  3 wyvern skeletons (Crypt:3)
  A water moccasin skeleton (D:8)
  5 scorpions
  A spriggan zombie (Dis:7)
  2 troll zombies
  2 spriggan skeletons (Crypt:2)
  30 killer bees
  A howler monkey (D:8)
  73 wights
  2 troll skeletons
  An electric eel (Spider:2)
  3 centaur zombies
  3 giant frog zombies
  4 hounds
  A black bear zombie (Crypt:1)
  16 crimson imps
  34 iron imps
  23 orc priests
  A giant frog skeleton (D:12)
  23 jellies
  20 orc wizards
  4 centaur skeletons
  Jessica (D:3)
  10 iguanas
  3 human zombies
  A human skeleton (Crypt:2)
  A lightning spire (Zig:13)
  10 worker ants
  35 sheep
  6 big kobold zombies (Ossuary)
  3 naga zombies
  3 tengu skeletons
  2 ogre skeletons
  65 mummies
  A worker ant zombie (D:6)
  14 adders
  6 gnolls
  48 river rats
  26 shadow imps
  21 white imps
  An ufetubus (Abyss:1)
  4 oozes
  2 adder skeletons
  3 adder zombies (Ossuary)
  A worm (D:2)
  3 giant geckos
  121 orcs
  11 bats
  4 giant cockroaches
  2 gnoll zombies
  9 goblins
  6 hobgoblins
  5 jackals
  5 quokkas
  3 giant newts
  A goblin skeleton (D:8)
  A goblin zombie (D:8)
  9 hobgoblin zombies
  A jackal zombie (D:9)
  18 kobolds
  A kobold skeleton (D:8)
  7 kobold zombies
  An orc skeleton (D:8)
  9 orc zombies
  6 rats
  A spectral orc (D:3)
  5 bushes (Depths:3)
  6 fire vortices
  14 fungi
  16 plants
  5 starspawn tentacles
  18 tentacles
  6 withered plants (Crypt:3)
6184 creatures vanquished.

Vanquished Creatures (collateral kills)
  The ghost of wvc the Spry, a veteran DsMo of Cheibriados (Vaults:4)
  A Cloud Mage (WizLab)
  An electric golem (Zot:5)
  A tentacled monstrosity (Zot:5)
  A hellephant (shapeshifter) (Depths:4)
  A hellephant (Zig:13)
  3 titans
  2 Orb Guardians (Zot:5)
  A quicksilver dragon (Depths:1)
  3 acid blobs
  3 daevas (WizLab)
  A draconian monk (Zot:5)
  Ilsuiw (Shoals:4)
  A storm dragon (Zot:5)
  A tengu reaver (Vaults:5)
  An azure jelly (Zig:11)
  A fire giant (Vaults:5)
  An orc warlord (Depths:3)
  A vault warden (Vaults:5)
  An ironheart preserver (Vaults:5)
  A deep elf elementalist (Elf:3)
  3 war gargoyles
  A very ugly thing (Depths:3)
  2 vampire knights
  2 black draconians
  4 stone giants
  2 red draconians
  A deep elf demonologist (Elf:3)
  A purple draconian (Zot:1)
  3 white draconians
  2 dire elephants (Zig:13)
  A deep elf annihilator (Zig:12)
  A deep elf death mage (Elf:3)
  2 merfolk javelineers (Shoals:4)
  2 crystal guardians (Depths:4)
  3 merfolk impalers (Shoals:4)
  A death ooze (Slime:6)
  A fire dragon (Zot:3)
  3 yaktaur captains
  A rakshasa (Depths:1)
  2 ice dragons
  An ogre mage (Depths:3)
  A satyr (Shoals:4)
  2 deep troll shamans
  4 dancing weapons
  A vampire mage (Depths:3)
  A storm dragon zombie (Dis:2)
  An iron golem (Dis:7)
  A fire crab (Vaults:1)
  2 iron trolls (Dis:7)
  A hill giant (shapeshifter) (Depths:4)
  3 ironbrand convokers
  An orc knight (Vaults:1)
  2 obsidian statues (Depths:4)
  A wizard (Depths:3)
  2 deep elf archers
  A necromancer (Depths:3)
  An orb spider (Zig:14)
  A frost giant zombie (Dis:7)
  A griffon (Shoals:4)
  8 deep elf magi
  A stone giant zombie (Dis:5)
  A wolf spider (shapeshifter) (Vaults:1)
  A manticore (Shoals:4)
  A wolf spider (Zig:21)
  An ugly thing (Depths:3)
  A vault sentinel (Vaults:5)
  A rust devil (Dis:3)
  An iron dragon skeleton (Dis:2)
  A gargoyle (Depths:3)
  A molten gargoyle (Depths:4)
  A spiny frog (Zig:13)
  A hellion (Dis:7)
  4 yaktaurs
  2 slime creatures
  A jumping spider (Zig:21)
  A polar bear (Zig:13)
  2 wind drakes (Depths:4)
  A raiju (Depths:4)
  A slime creature (shapeshifter) (Depths:4)
  An ice dragon zombie (Dis:1)
  A redback (shapeshifter) (Vaults:1)
  2 air elementals (WizLab)
  A water elemental (Depths:4)
  A yak (Zig:13)
  A wraith (Dis:7)
  A fire elemental (Depths:4)
  A chaos spawn (Zot:5)
  A swamp worm (shapeshifter) (Depths:4)
  A warg (Depths:3)
  A water moccasin (Zig:13)
  3 insubstantial wisps (WizLab)
  A water moccasin (shapeshifter) (Zig:15)
  2 eyes of draining
  A slave (Depths:3)
  A wasp (Depths:5)
  A wolf (Depths:3)
  A big kobold (D:11)
  2 jellies
  3 kobolds
153 creatures vanquished.

Vanquished Creatures (others)
  A Tzitzimitl (Tar:2)
  A lich (Depths:1)
  2 Orb Guardians (Zot:5)
  A tengu reaver (Depths:3)
  A ghost moth (Spider:4)
  A deep elf elementalist (Vaults:5)
  An ironheart preserver (Vaults:1)
  An elemental wellspring (Coc:1)
  A deep elf demonologist (Elf:3)
  A bennu (Tomb:3)
  2 blizzard demons
  2 vault guards (Vaults:5)
  An ice dragon (Coc:7)
  A hell beast (Zig:20)
  A titan zombie (Tomb:2)
  A dancing weapon (Depths:4)
  A hell hog (Geh:6)
  A deep elf knight (Elf:1)
  A storm dragon zombie (Coc:1)
  35 death scarabs
  A shadow demon (Zig:8)
  3 deep trolls (Depths:2)
  A wolf spider zombie (Hell)
  An orc knight (Zig:15)
  2 ironbrand convokers
  A wizard (Pan)
  A gargoyle (Depths:4)
  A smoke demon (Pan)
  A molten gargoyle (Depths:4)
  An ice devil (Dis:4)
  A guardian mummy (Tomb:3)
  3 wind drakes (Pan)
  A giant leech (shapeshifter) (Vaults:5)
  An ushabti (Tomb:3)
  A raiju (Depths:4)
  An air elemental (Depths:4)
  A tarantella (Spider:4)
  A hell hound (Geh:7)
  A boggart (Depths:3)
  An ettin simulacrum (Hell)
  A necrophage (Geh:1)
  A jelly (Lair:8)
  2 iron imps (Dis:7)
  2 sheep
  3 mummies (Tomb:2)
  14 ball lightnings
  A block of ice (Pan)
  19 bushes (Depths:3)
  152 eldritch tentacle segments
  2 fire vortices (Pan)
  7 fungi
  6 lost souls
  7 plants
  5 starspawn tentacles
  21 starspawn tentacle segments
  21 tentacles
  456 tentacle segments
  5 withered plants (Crypt:3)
807 creatures vanquished.

Grand Total: 7144 creatures vanquished

Notes
Turn   | Place    | Note
--------------------------------------------------------------
     0 | D:1      | Moloch the Gargoyle Berserker began the quest for the Orb.
     0 | D:1      | Reached XP level 1. HP: 14/14 MP: 1/1
   227 | D:1      | Reached XP level 2. HP: 19/19 MP: 2/2
   722 | D:1      | Reached ** piety under Trog
   722 | D:1      | Reached XP level 3. HP: 18/23 MP: 3/3
  1225 | D:2      | Found a white marble altar of Elyvilon.
  1280 | D:2      | Found a glowing silver altar of Zin.
  1281 | D:2      | Noticed an angel
  1392 | D:2      | Found a shimmering altar of Xom.
  1509 | D:2      | Reached XP level 4. HP: 28/28 MP: 4/4
  1789 | D:3      | Found a burning altar of Makhleb.
  1881 | D:3      | Noticed Grinder
  2014 | D:3      | Found a basalt altar of Yredelemnul.
  2019 | D:3      | Reached skill level 5 in Axes
  2076 | D:3      | Noticed Jessica
  2084 | D:3      | Killed Jessica
  2084 | D:3      | Reached XP level 5. HP: 27/32 MP: 5/5
  2122 | D:3      | Found an opulent altar of Gozag.
  2122 | D:3      | Found a sparkling altar of Nemelex Xobeh.
  2244 | D:3      | Paralysed by Grinder for 3 turns
  2250 | D:3      | Paralysed by Grinder for 6 turns
  2267 | D:3      | Killed Grinder
  2267 | D:3      | Reached XP level 6. HP: 17/37 MP: 6/6
  2874 | D:4      | Reached XP level 7. HP: 36/41 MP: 7/7
  3566 | D:4      | Found a radiant altar of Vehumet.
  3649 | D:4      | Found a staircase to the Ecumenical Temple.
  4195 | D:5      | Entered Level 5 of the Dungeon
  4278 | D:5      | Reached XP level 8. HP: 44/46 MP: 8/8
  4282 | D:5      | Reached *** piety under Trog
  4762 | D:5      | Reached skill level 10 in Axes
  4805 | D:5      | Found a shadowy altar of Dithmenos.
  4897 | D:6      | Found a sand-covered staircase.
  4905 | Ossuary  | Entered an ossuary
  5095 | Ossuary  | Reached XP level 9. HP: 49/51 MP: 9/9
  6423 | D:8      | Noticed Ratboiler's ghost (novice OpWn)
  6465 | D:8      | Killed Ratboiler's ghost
  6667 | D:8      | Reached **** piety under Trog
  6757 | D:8      | Found a bloodstained altar of Trog.
  6757 | D:8      | Found a snail-covered altar of Cheibriados.
  6766 | D:8      | Reached XP level 10. HP: 56/56 MP: 10/10
  6914 | D:8      | Noticed Prince Ribbit
  6955 | D:8      | Found a glowing golden altar of the Shining One.
  7270 | D:8      | Killed Prince Ribbit
  7907 | D:9      | Found a bloodstained altar of Trog.
  7907 | D:9      | Found a sacrificial altar of Ru.
  8105 | D:9      | Reached ***** piety under Trog
  8785 | D:10     | Entered Level 10 of the Dungeon
  8802 | D:10     | Found a deep blue altar of Sif Muna.
  8864 | D:10     | Found a staircase to the Lair.
  8890 | D:10     | Reached XP level 11. HP: 60/60 MP: 11/11
  9116 | D:10     | Noticed a hill giant
  9126 | D:10     | Killed a hill giant
  9126 | D:10     | Reached skill level 15 in Axes
  9368 | D:10     | Gained mutation: Your large and strong wings let you fly indefinitely. [mutagenic meat]
  9915 | D:11     | Noticed a brown ugly thing
  9928 | D:11     | Killed a brown ugly thing
 10136 | D:11     | Found Xuochi's Assorted Antiques.
 10141 | D:11     | Bought a scroll labeled ZASSIECWODIVU for 38 gold pieces
 10141 | D:11     | Bought a scroll labeled OXTALI VUSENOI for 38 gold pieces
 10370 | D:11     | Noticed a cyclops
 10383 | D:11     | Killed a cyclops
 10443 | D:11     | Noticed a cyclops
 10460 | D:11     | Killed a cyclops
 10510 | D:11     | Received a gift from Trog
 11205 | D:12     | Found a staircase to the Orcish Mines.
 11252 | D:12     | Reached XP level 12. HP: 64/64 MP: 4/12
 11306 | D:12     | Found Leiluis's Book Shop.
 11686 | D:12     | Received a gift from Trog
 12377 | Orc:1    | Entered Level 1 of the Orcish Mines
 12517 | Orc:2    | Entered Level 2 of the Orcish Mines
 12522 | Orc:2    | Noticed an orc warlord
 12683 | Orc:1    | Killed an orc warlord
 12840 | Orc:2    | Noticed Nessos
 12852 | Orc:2    | Killed Nessos
 12924 | Orc:2    | Found a staircase to the Elven Halls.
 12956 | Orc:2    | Noticed Snorg
 12972 | Orc:2    | Killed Snorg
 13072 | Orc:2    | Noticed an orc high priest
 13086 | Orc:2    | Killed an orc high priest
 13285 | Orc:2    | Noticed Maud
 13305 | Orc:2    | Killed Maud
 13305 | Orc:2    | Reached XP level 13. HP: 68/68 MP: 4/13
 13925 | Orc:2    | Noticed an orc warlord
 13959 | Orc:2    | Killed an orc warlord
 14331 | Orc:2    | Found a roughly hewn altar of Beogh.
 14353 | Orc:2    | Found Wuedacyry's Jewellery Shoppe.
 14468 | Orc:2    | Found Uwnigeck's Antique Weapon Shoppe.
 14483 | Orc:2    | Found Tydyh Sir's Antique Armour Shoppe.
 14498 | Orc:2    | Found Umniumic's General Store.
 14523 | Orc:2    | Bought a runed eveningstar for 420 gold pieces
 14542 | Orc:2    | Bought a transparent ring mail for 252 gold pieces
 14552 | Orc:2    | Identified the +4 ring mail of the Soldier {rElec Int+4 Dex-4 Slay+3} (You bought it in a shop on level 2 of the Orcish Mines)
 14725 | Orc:2    | Noticed a great orb of eyes
 14725 | Orc:2    | Noticed a fire dragon
 14725 | Orc:2    | a great orb of eyes changed into a fire dragon
 14793 | Orc:2    | Reached ****** piety under Trog
 14793 | Orc:2    | Received a gift from Trog
 14799 | Orc:2    | Got a fine battleaxe {god gift}
 14805 | Orc:2    | Identified the +12 battleaxe "Cidirax" {elec, +Rage} (Trog gifted it to you on level 2 of the Orcish Mines)
 15131 | Orc:1    | Found Uter's Food Emporium.
 15311 | Lair:1   | Entered Level 1 of the Lair of Beasts
 15838 | Lair:1   | Noticed Joseph
 15845 | Lair:1   | Killed Joseph
 16127 | Lair:1   | Received a gift from Trog
 17011 | Lair:2   | Mutation became permanent: Your large and strong wings let you fly indefinitely. [Gargoyle growth]
 17011 | Lair:2   | Reached XP level 14. HP: 76/76 MP: 14/14
 18231 | Lair:4   | Reached skill level 5 in Fighting
 18376 | Lair:4   | Reached skill level 5 in Armour
 19119 | Lair:5   | Found a staircase to the Shoals.
 19139 | Lair:5   | Received a gift from Trog
 19896 | Lair:6   | Found a dark tunnel.
 19921 | Volcano  | Entered a volcano
 19932 | Volcano  | Noticed Wizbit's ghost (novice HOFi)
 19941 | Volcano  | Killed Wizbit's ghost
 20255 | Lair:6   | Received a gift from Trog
 20363 | Lair:6   | Found a hole to the Spider Nest.
 20968 | Lair:7   | Reached XP level 15. HP: 76/86 MP: 15/15
 21189 | Lair:7   | Received a gift from Trog
 21315 | Lair:7   | Reached skill level 5 in Dodging
 21727 | Lair:8   | Entered Level 8 of the Lair of Beasts
 21895 | Lair:8   | Found a staircase to the Slime Pits.
 21974 | Lair:8   | Got a slimy plate armour
 21985 | Lair:8   | Identified the cursed +0 plate armour of the Heavens {MP-9 Str+3 SInv} (You found it on level 8 of the Lair of Beasts)
 22951 | Lair:8   | Received a gift from Trog
 23888 | D:14     | Noticed Roxanne
 23994 | D:14     | Found a basalt altar of Yredelemnul.
 24181 | D:14     | Received a gift from Trog
 24207 | D:14     | Reached XP level 16. HP: 91/96 MP: 16/16
 24283 | D:14     | Found a gate to the Vaults.
 24382 | D:14     | Found an oddly glowing altar of Pakellas.
 24382 | D:14     | Found Pakellas's Prime Provisions.
 24510 | D:14     | Killed Roxanne
 25030 | D:14     | Reached skill level 10 in Fighting
 25044 | D:14     | Gained mutation: You are frail (-10% HP). [mutagenic meat]
 25045 | D:14     | Gained mutation: Your magical capacity is low (-10% MP). [mutagenic meat]
 25046 | D:14     | Gained mutation: You are partially covered in yellow scales (AC +2). [mutagenic meat]
 25414 | D:15     | Entered Level 15 of the Dungeon
 25414 | D:15     | Noticed Sonja
 25428 | D:15     | Killed Sonja
 25480 | D:15     | Gained mutation: You possess an exceptional clarity of mind. [mutagenic meat]
 25481 | D:15     | Gained mutation: Scrolls take you a little longer to read. [mutagenic meat]
 25482 | D:15     | Gained mutation: Your body sometimes deteriorates upon taking damage. [mutagenic meat]
 26132 | D:15     | Received a gift from Trog
 26135 | D:15     | Got a polished battleaxe {god gift}
 26136 | D:15     | Identified the +10 battleaxe of Fragile Peace {speed, Str+4 Int+4} (Trog gifted it to you on level 15 of the Dungeon)
 26180 | D:15     | Found a staircase to the Depths.
 26361 | Elf:1    | Entered Level 1 of the Elven Halls
 26363 | Elf:1    | Gained mutation: You are partially covered in icy blue scales (AC +1). [potion of mutation]
 26363 | Elf:1    | Lost mutation: Your magical capacity is low (-10% MP). [potion of mutation]
 26363 | Elf:1    | Gained mutation: Armour fits poorly on your strangely shaped body. [potion of mutation]
 26364 | Elf:1    | Gained mutation: You are very frail (-20% HP). [potion of mutation]
 26364 | Elf:1    | Lost mutation: You are partially covered in yellow scales (AC +2). [potion of mutation]
 26364 | Elf:1    | Gained mutation: You are weak. (Str -2) [potion of mutation]
 26365 | Elf:1    | Lost mutation: You are very frail (-20% HP). [potion of cure mutation]
 26365 | Elf:1    | Lost mutation: You are frail (-10% HP). [potion of cure mutation]
 26365 | Elf:1    | Lost mutation: You are weak. (Str -2) [potion of cure mutation]
 26365 | Elf:1    | Lost mutation: You possess an exceptional clarity of mind. [potion of cure mutation]
 26365 | Elf:1    | Lost mutation: Your body sometimes deteriorates upon taking damage. [potion of cure mutation]
 26366 | Elf:1    | Lost mutation: You are partially covered in icy blue scales (AC +1). [potion of cure mutation]
 26366 | Elf:1    | Lost mutation: Armour fits poorly on your strangely shaped body. [potion of cure mutation]
 26366 | Elf:1    | Lost mutation: Scrolls take you a little longer to read. [potion of cure mutation]
 26555 | Elf:1    | Found a radiant altar of Vehumet.
 26653 | Elf:1    | Reached skill level 10 in Armour
 28060 | Depths:1 | Entered Level 1 of the Depths
 28102 | Depths:1 | Noticed a quicksilver dragon
 28121 | Depths:1 | Reached XP level 17. HP: 103/103 MP: 17/17
 28251 | Depths:1 | Killed a quicksilver dragon
 28281 | Depths:1 | Got a wavering bone ring
 28292 | Depths:1 | Noticed a lich
 28502 | Depths:1 | Received a gift from Trog
 28682 | Depths:1 | Found Marynlua's Food Shop.
 28856 | Depths:1 | Identified the ring "Gainiw" {*Corrode +Fly rElec Int+3 Stlth-} (You took it off a yaktaur on level 1 of the Depths)
 28861 | Depths:1 | Noticed a lich
 28867 | Depths:1 | Killed a lich
 28910 | Depths:1 | Identified a +0 rod of clouds (13/13) (You found it on level 1 of the Depths)
 28978 | Depths:1 | Paralysed by a great orb of eyes for 7 turns
 28994 | Depths:1 | Noticed a titan
 29274 | Depths:1 | Killed a titan
 29385 | Depths:1 | Reached skill level 10 in Dodging
 30088 | Depths:1 | Killed a lich
 30294 | Depths:1 | Received a gift from Trog
 30316 | Depths:1 | Gained mutation: Your body sometimes deteriorates upon taking damage. [mutagenic meat]
 30650 | Depths:1 | Reached XP level 18. HP: 37/108 MP: 18/18
 30944 | Depths:1 | Found a one-way gate leading to the halls of Pandemonium.
 31015 | Depths:1 | Found a gateway to Hell.
 31124 | Depths:2 | Found a gateway to a ziggurat.
 31124 | Depths:2 | Noticed a lich
 31678 | Shoals:1 | Entered Level 1 of the Shoals
 32334 | Shoals:1 | Received a gift from Trog
 32622 | Shoals:2 | Noticed Polyphemus
 32904 | Shoals:2 | Killed Polyphemus
 34705 | Shoals:3 | Noticed Louise
 34728 | Shoals:3 | Killed Louise
 34737 | Shoals:3 | Got a spiked large shield
 34739 | Shoals:3 | Identified the +8 large shield of Cehoxt {rF- rN++ Int+4} (You took it off Louise on level 3 of the Shoals)
 34956 | Shoals:4 | Entered Level 4 of the Shoals
 34964 | Shoals:4 | Reached skill level 15 in Armour
 34966 | Shoals:4 | Received a gift from Trog
 35324 | Shoals:4 | Got a wavering tin ring
 35326 | Shoals:4 | Identified the ring of the Yeti {rC- AC+2 Str+5 Int+4 Stlth+} (You found it on level 4 of the Shoals)
 35508 | Shoals:4 | Reached XP level 19. HP: 50/112 MP: 8/19
 35913 | Shoals:4 | Got a barnacled rune of Zot
 35996 | Shoals:4 | Noticed Ilsuiw
 36021 | Shoals:4 | Received a gift from Trog
 36398 | Shoals:4 | Killed Ilsuiw
 36855 | Shoals:1 | Got a polished triple sword {god gift}
 36856 | Shoals:1 | Identified the +7 triple sword "Ilykyorph" {elec, +Inv rC+} (Trog gifted it to you on level 1 of the Shoals)
 37200 | Vaults:1 | Entered Level 1 of the Vaults
 37263 | Vaults:1 | Gained mutation: Your mind is acute. (Int +2) [mutagenic meat]
 37306 | Vaults:1 | Paralysed by an ogre mage for 7 turns
 37659 | Vaults:1 | Received a gift from Trog
 37780 | Vaults:1 | Gained mutation: You are partially covered in slimy green scales (AC +2). [mutagenic meat]
 37820 | Vaults:1 | Reached skill level 15 in Dodging
 37913 | Vaults:1 | Gained mutation: You have a pair of small horns on your head. [mutagenic meat]
 37914 | Vaults:1 | Gained mutation: You passively map a small area around you. [mutagenic meat]
 38282 | Vaults:1 | Noticed Norris
 38291 | Vaults:1 | Killed Norris
 38385 | Vaults:1 | Got a bronze scale mail
 38396 | Vaults:1 | Identified the +1 scale mail of the Bulwark {rN+ rCorr Str-2 Slay+3} (You found it on level 1 of the Vaults)
 38453 | Vaults:1 | Received a gift from Trog
 38722 | Vaults:1 | Gained mutation: You are partially covered in yellow scales (AC +2). [mutagenic meat]
 38723 | Vaults:1 | Gained mutation: Your mind is very acute. (Int +4) [mutagenic meat]
 38725 | Vaults:1 | Gained mutation: You have large cloven feet. [mutagenic meat]
 38926 | Vaults:1 | Reached XP level 20. HP: 118/118 MP: 20/20
 39095 | Vaults:2 | Found a portal to a secret trove of treasure.
 39174 | Vaults:2 | Found Ekual's Antique Armour Shop.
 39297 | Vaults:2 | Found a staircase to the Crypt.
 39407 | Vaults:2 | Noticed Margery
 39417 | Vaults:2 | Killed Margery
 39491 | Vaults:2 | Noticed Mennas
 39549 | Vaults:2 | Killed Mennas
 39814 | Vaults:2 | Noticed Jory
 39825 | Vaults:2 | Killed Jory
 39927 | Vaults:2 | Received a gift from Trog
 40329 | Vaults:2 | Got a fine marble ring
 40331 | Vaults:2 | Identified the ring "Xodaeri" {rElec MP+9 Str+3 Int+2 Slay+2} (You found it on level 2 of the Vaults)
 41135 | Vaults:3 | Received a gift from Trog
 41784 | Vaults:3 | Gained mutation: You are agile. (Dex +2) [mutagenic meat]
 41785 | Vaults:3 | Gained mutation: You are resistant to hostile enchantments. [mutagenic meat]
 41786 | Vaults:3 | Lost mutation: Your body sometimes deteriorates upon taking damage. [mutagenic meat]
 41888 | Vaults:3 | Reached XP level 21. HP: 123/123 MP: 21/21
 41895 | Vaults:3 | Reached XP level 22. HP: 127/130 MP: 22/22
 42045 | Vaults:3 | Gained mutation: Your natural rate of healing is unusually fast. [mutagenic meat]
 42046 | Vaults:3 | Gained mutation: Armour fits poorly on your strangely shaped body. [mutagenic meat]
 42047 | Vaults:3 | Lost mutation: You are agile. (Dex +2) [mutagenic meat]
 42048 | Vaults:3 | Gained mutation: Your spells are a little easier to cast, but a little less powerful. [mutagenic meat]
 42049 | Vaults:3 | Lost mutation: You have a pair of small horns on your head. [mutagenic meat]
 42051 | Vaults:3 | Lost mutation: Armour fits poorly on your strangely shaped body. [mutagenic meat]
 42123 | Vaults:3 | Received a gift from Trog
 42551 | Vaults:4 | Noticed Donald
 42726 | Vaults:3 | Killed Donald
 42784 | Vaults:4 | Received a gift from Trog
 42976 | Vaults:4 | Noticed wvc's ghost (veteran DsMo)
 43054 | Vaults:4 | Killed wvc's ghost
 43168 | Vaults:4 | Received a gift from Trog
 43450 | Vaults:4 | Noticed Wiglaf
 44252 | Vaults:4 | Received a gift from Trog
 44285 | Vaults:4 | Got a bloodstained battleaxe {god gift}
 44286 | Vaults:4 | Identified the +1 battleaxe "Roschau" {drain, +Rage +Fly rN+++ MR-} (Trog gifted it to you on level 4 of the Vaults)
 44505 | Vaults:4 | Gained mutation: Armour fits poorly on your strangely shaped body. [mutagenic meat]
 44506 | Vaults:4 | Gained mutation: You are partially covered in thin metallic scales (AC +2). [mutagenic meat]
 44507 | Vaults:4 | Gained mutation: You evolve. [mutagenic meat]
 44508 | Vaults:4 | Gained mutation: You have hoof-like feet. [mutagenic meat]
 44530 | Vaults:5 | Entered Level 5 of the Vaults
 44546 | Vaults:4 | Reached XP level 23. HP: 113/136 MP: 18/23
 44621 | Vaults:5 | Noticed a golden dragon
 44900 | Vaults:5 | Noticed a golden dragon
 44914 | Vaults:4 | Killed a golden dragon
 44994 | Vaults:4 | Killed a golden dragon
 45050 | Vaults:4 | Received a gift from Trog
 45064 | Vaults:4 | Lost mutation: You have hoof-like feet. [mutagenic meat]
 45065 | Vaults:4 | Lost mutation: Your mind is very acute. (Int +4) [mutagenic meat]
 45067 | Vaults:4 | Gained mutation: You are clumsy. (Dex -2) [mutagenic meat]
 45069 | Vaults:4 | Lost mutation: You are partially covered in slimy green scales (AC +2). [mutagenic meat]
 45095 | Vaults:4 | Killed Wiglaf
 46277 | Vaults:5 | Noticed a golden dragon
 46291 | Vaults:4 | Killed a golden dragon
 46291 | Vaults:4 | Received a gift from Trog
 46385 | Vaults:4 | Lost mutation: You are resistant to hostile enchantments. [mutagenic meat]
 46386 | Vaults:4 | Lost mutation: Your mind is acute. (Int +2) [mutagenic meat]
 46388 | Vaults:4 | Lost mutation: You are clumsy. (Dex -2) [mutagenic meat]
 46389 | Vaults:4 | Gained mutation: You are weak. (Str -2) [mutagenic meat]
 46668 | Vaults:5 | Reached skill level 1 in Shields
 46792 | Vaults:5 | Noticed a golden dragon
 46808 | Vaults:5 | Killed a golden dragon
 46906 | Vaults:5 | Found Jetoredd's Book Boutique.
 46948 | Vaults:5 | Reached XP level 24. HP: 146/146 MP: 23/23
 47064 | Vaults:5 | Identified the Volume of Hurtful Flight
 47094 | Vaults:5 | Got a wavering amber ring
 47116 | Vaults:5 | Received a gift from Trog
 47123 | Vaults:5 | Identified the ring of Lolut {rPois AC+2 Str+4 Dex-4 SInv} (You took it off a yaktaur captain on level 5 of the Vaults)
 47132 | Vaults:5 | Got a vibrating lapis lazuli ring
 47228 | Vaults:5 | Identified the ring "Wittec Qihi" {MR+ EV+1 Slay+2 SInv} (You took it off an ironheart preserver on level 5 of the Vaults)
 47307 | Vaults:5 | Got a brightly glowing graven amulet
 47308 | Vaults:5 | Identified the amulet of Perfectionism {Harm *Drain rC+} (You found it on level 5 of the Vaults)
 47319 | Vaults:5 | Gained mutation: You are very weak. (Str -4) [potion of mutation]
 47487 | Vaults:5 | Gained mutation: Your movements are slightly less encumbered by armour (ER -2). [evolution]
 47536 | Vaults:5 | Got a silver rune of Zot
 48077 | Lair:2   | Got a slimy chain mail
 48088 | Lair:2   | Identified the cursed +0 chain mail "Adi Qiwkyh" {rC+ MR+} (You found it on level 2 of the Lair of Beasts)
 48288 | Orc:2    | Bought an uncursed ring of protection from fire for 350 gold pieces
 48752 | Elf:2    | Reached skill level 5 in Shields
 48760 | Elf:2    | Received a gift from Trog
 48808 | Elf:2    | Found a runed gate.
 48808 | Elf:2    | Found a runed gate.
 48818 | Elf:2    | Found a runed gate.
 49664 | D:8      | Fell from the grace of Trog
 49664 | D:8      | Became a worshipper of the Shining One
 50058 | Crypt:1  | Entered Level 1 of the Crypt
 50058 | Crypt:1  | Noticed Frederick
 50083 | Vaults:2 | Killed Frederick
 50203 | Crypt:1  | Noticed Xtahua
 50218 | Crypt:1  | Reached * piety under the Shining One
 50221 | Crypt:1  | Killed Xtahua
 50411 | Crypt:1  | The Shining One protects you from harm!
 50449 | Crypt:1  | Paralysed by Trog for 6 turns
 50854 | Crypt:1  | Reached ** piety under the Shining One
 51615 | Crypt:1  | Reached *** piety under the Shining One
 52036 | Crypt:2  | Reached **** piety under the Shining One
 52347 | Crypt:2  | Reached skill level 15 in Fighting
 52394 | Crypt:2  | Reached XP level 25. HP: 155/155 MP: 23/23
 52407 | Crypt:2  | Reached ***** piety under the Shining One
 52904 | Crypt:3  | Entered Level 3 of the Crypt
 52911 | Crypt:3  | Reached ****** piety under the Shining One
 53237 | Crypt:3  | Identified a +6 executioner's axe of holy wrath (a +4 executioner's axe of draining blessed by the Shining One)
 53237 | Crypt:3  | Received a gift from the Shining One
 53896 | Crypt:3  | Got a clouded amber ring
 53896 | Crypt:3  | Got an ancient silver ring
 53898 | Crypt:3  | Identified the ring "Tebe Vykk" {+Blink rN+ Str+2 Dex-5 SInv} (You found it on level 3 of the Crypt)
 53901 | Crypt:3  | Identified the ring of Ymeoph {+Blink rN+ Str-4 Dex+4} (You found it on level 3 of the Crypt)
 53969 | Crypt:3  | Found a basalt altar of Yredelemnul.
 54463 | Crypt:3  | Found a staircase to the Tomb.
 54547 | Crypt:3  | Paralysed by Trog for 6 turns
 54861 | Vaults:4 | Lost mutation: You are very weak. (Str -4) [potion of cure mutation]
 54861 | Vaults:4 | Lost mutation: You evolve. [potion of cure mutation]
 54861 | Vaults:4 | Lost mutation: You are weak. (Str -2) [potion of cure mutation]
 54861 | Vaults:4 | Lost mutation: Your natural rate of healing is unusually fast. [potion of cure mutation]
 54861 | Vaults:4 | Lost mutation: Your spells are a little easier to cast, but a little less powerful. [potion of cure mutation]
 54861 | Vaults:4 | Lost mutation: You passively map a small area around you. [potion of cure mutation]
 54937 | Vaults:4 | Paralysed by Trog for 6 turns
 55184 | Vaults:4 | Lost mutation: You are partially covered in thin metallic scales (AC +2). [potion of cure mutation]
 55184 | Vaults:4 | Lost mutation: Armour fits poorly on your strangely shaped body. [potion of cure mutation]
 55184 | Vaults:4 | Lost mutation: You are partially covered in yellow scales (AC +2). [potion of cure mutation]
 55184 | Vaults:4 | Lost mutation: You have large cloven feet. [potion of cure mutation]
 55607 | D:3      | Fell from the grace of the Shining One
 55607 | D:3      | Became a worshipper of Makhleb the Destroyer
 55712 | D:7      | Was forgiven by Trog
 55913 | Spider:1 | Entered Level 1 of the Spider Nest
 55913 | Spider:1 | Noticed alphacentauri's ghost (journeyman FeCj)
 55945 | Spider:1 | Killed alphacentauri's ghost
 56177 | Spider:1 | Reached * piety under Makhleb
 56690 | Spider:2 | Reached ** piety under Makhleb
 56920 | Spider:2 | Reached *** piety under Makhleb
 57652 | Spider:3 | Reached XP level 26. HP: 160/160 MP: 23/23
 58309 | Spider:4 | Entered Level 4 of the Spider Nest
 58313 | Spider:4 | Reached **** piety under Makhleb
 59112 | Spider:4 | Reached ***** piety under Makhleb
 59380 | Spider:4 | Gained mutation: Your flesh is heat resistant. [mutagenic meat]
 59381 | Spider:4 | Gained mutation: You evolve. [mutagenic meat]
 59382 | Spider:4 | Lost mutation: Your movements are slightly less encumbered by armour (ER -2). [mutagenic meat]
 59384 | Spider:4 | Gained mutation: You are agile. (Dex +2) [mutagenic meat]
 59404 | Spider:4 | Got a gossamer rune of Zot
 59472 | Spider:4 | Gained mutation: You possess an exceptional clarity of mind. [evolution]
 59868 | Depths:2 | Noticed Jorgrun
 60471 | Depths:1 | Lost mutation: You possess an exceptional clarity of mind. [mutagenic meat]
 61121 | Depths:2 | Killed Jorgrun
 61126 | Depths:2 | Identified a scroll of acquirement
 61183 | Depths:2 | Identified a +0 pair of boots of running (You acquired it on level 2 of the Depths)
 61224 | Depths:2 | Found a one-way gate to the infinite horrors of the Abyss.
 61267 | Depths:2 | Noticed Erica
 61277 | Depths:2 | Killed Erica
 61353 | Depths:2 | Noticed Saint Roka
 61394 | Depths:2 | Killed Saint Roka
 61561 | Depths:2 | Noticed an ancient lich
 61570 | Depths:2 | Paralysed by an ancient lich for 3 turns
 61576 | Depths:2 | Killed an ancient lich
 61594 | Depths:2 | Got an ancient broad axe
 61595 | Depths:2 | Identified the +9 broad axe of the Wasp {chop, Int+4 Dex-2} (You found it on level 2 of the Depths)
 61653 | Depths:2 | Upgraded the game from 0.18-a0-1764-gf4ddf0b to 0.18-a0-1773-gec4f98e
 61779 | Depths:2 | Reached ****** piety under Makhleb
 62125 | Depths:3 | Found a magical portal.
 62130 | WizLab   | Entered The Chambers of Afiydd the Cloud Mage
 62487 | WizLab   | Identified the Catalogue of Flight
 63646 | WizLab   | Identified the Volume of Lightness
 63658 | WizLab   | Learned a level 9 spell: Tornado
 63665 | WizLab   | Learned a level 6 spell: Deflect Missiles
 63820 | Depths:3 | Found a corrupted altar of Lugonu.
 63862 | Depths:3 | Reached skill level 1 in Spellcasting
 63869 | Depths:3 | Gained mutation: You regenerate slowly when monsters are visible. [mutagenic meat]
 63870 | Depths:3 | Gained mutation: You are robust (+10% HP). [mutagenic meat]
 63872 | Depths:3 | Gained mutation: You have sharp fingernails. [mutagenic meat]
 63873 | Depths:3 | Gained mutation: You are partially covered in large bone plates (AC +2, SH +2). [mutagenic meat]
 63874 | Depths:3 | Gained mutation: You are weak. (Str -2) [mutagenic meat]
 63875 | Depths:3 | Gained mutation: You are partially covered in rugged brown scales (AC +1, +3% HP). [mutagenic meat]
 63892 | Depths:3 | Reached skill level 1 in Air Magic
 63958 | Depths:3 | Noticed Mara
 63976 | Depths:3 | Noticed Moloch's illusion
 63980 | Depths:3 | Killed Mara
 64008 | Depths:3 | Reached XP level 27. HP: 187/187 MP: 27/27
 64157 | Depths:3 | Gained mutation: You are covered in fur (AC +1). [potion of mutation]
 64157 | Depths:3 | Gained mutation: You are partially covered in slimy green scales (AC +2). [potion of mutation]
 64170 | Depths:3 | Noticed the Enchantress
 64200 | Depths:3 | Killed the Enchantress
 64232 | Depths:3 | Reached skill level 5 in Spellcasting
 64237 | Depths:3 | Got a faerie dragon armour
 64252 | Depths:3 | Identified the +1 faerie dragon armour {rF++ MR- Regen+ rCorr Stlth+} (You took it off the Enchantress on level 3 of the Depths)
 64316 | Depths:3 | Reached skill level 5 in Air Magic
 64333 | Depths:3 | Gained mutation: Your mind is acute. (Int +2) [mutagenic meat]
 64334 | Depths:3 | Lost mutation: You are partially covered in slimy green scales (AC +2). [mutagenic meat]
 64336 | Depths:3 | Gained mutation: You have supernaturally acute eyesight. [mutagenic meat]
 64420 | Depths:3 | Lost mutation: You are robust (+10% HP). [mutagenic meat]
 64421 | Depths:3 | Lost mutation: You have supernaturally acute eyesight. [mutagenic meat]
 64483 | Depths:3 | Found a roughly hewn altar of Beogh.
 64550 | Depths:3 | Found a radiant altar of Vehumet.
 64893 | Depths:3 | Found Urphache's Slaves and Accessories.
 64937 | Depths:3 | Found Jack's Jerk-a-riffic Jerky.
 64937 | Depths:3 | Noticed Sojobo
 64958 | Depths:3 | Killed Sojobo
 65026 | Depths:3 | Found Gicseuts's Miraculous Elixirs.
 65041 | Depths:3 | Bought a potion of mutation for 125 gold pieces
 65041 | Depths:3 | Bought a potion of mutation for 125 gold pieces
 65041 | Depths:3 | Bought 2 potions of mutation for 250 gold pieces
 65041 | Depths:3 | Bought a potion of mutation for 125 gold pieces
 65041 | Depths:3 | Bought a potion of mutation for 125 gold pieces
 65041 | Depths:3 | Bought a potion of mutation for 125 gold pieces
 65041 | Depths:3 | Bought a potion of mutation for 125 gold pieces
 65041 | Depths:3 | Bought a potion of mutation for 125 gold pieces
 65041 | Depths:3 | Bought a potion of mutation for 125 gold pieces
 65041 | Depths:3 | Bought a potion of mutation for 125 gold pieces
 65050 | Depths:3 | Gained mutation: You occasionally shout uncontrollably at your foes. [potion of mutation]
 65050 | Depths:3 | Lost mutation: You are partially covered in large bone plates (AC +2, SH +2). [potion of mutation]
 65051 | Depths:3 | Gained mutation: Your body sometimes deteriorates upon taking damage. [potion of mutation]
 65052 | Depths:3 | Gained mutation: You passively map a small area around you. [potion of mutation]
 65053 | Depths:3 | Lost mutation: Your flesh is heat resistant. [potion of mutation]
 65054 | Depths:3 | Lost mutation: You are agile. (Dex +2) [potion of mutation]
 65054 | Depths:3 | Lost mutation: You occasionally shout uncontrollably at your foes. [potion of mutation]
 65055 | Depths:3 | Lost mutation: You evolve. [potion of mutation]
 65055 | Depths:3 | Lost mutation: Your body sometimes deteriorates upon taking damage. [potion of mutation]
 65055 | Depths:3 | Gained mutation: You have large cloven feet. [potion of mutation]
 65056 | Depths:3 | Lost mutation: You are covered in fur (AC +1). [potion of mutation]
 65056 | Depths:3 | Gained mutation: You occasionally shout uncontrollably at your foes. [potion of mutation]
 65057 | Depths:3 | Lost mutation: Your mind is acute. (Int +2) [potion of mutation]
 65059 | Depths:3 | Gained mutation: Scrolls take you a little longer to read. [potion of mutation]
 65059 | Depths:3 | Gained mutation: You are resistant to hostile enchantments. [potion of mutation]
 65060 | Depths:3 | Gained mutation: You have a pair of small horns on your head. [potion of mutation]
 65060 | Depths:3 | Lost mutation: You are weak. (Str -2) [potion of mutation]
 65060 | Depths:3 | Lost mutation: Scrolls take you a little longer to read. [potion of mutation]
 65149 | Depths:3 | Found The Legendary Zisteh's Legendary Smithy.
 65341 | Depths:3 | Was forgiven by the Shining One
 65467 | Depths:3 | Lost mutation: You have a pair of small horns on your head. [mutagenic meat]
 65470 | Depths:3 | Gained mutation: You tend to lose your temper in combat. [mutagenic meat]
 65471 | Depths:3 | Lost mutation: You passively map a small area around you. [mutagenic meat]
 65473 | Depths:3 | Gained mutation: Your muscles are strong. (Str +2) [mutagenic meat]
 65475 | Depths:3 | Gained mutation: You are somewhat resistant to further mutation. [mutagenic meat]
 66060 | Depths:4 | Gained mutation: You are somewhat resistant to both further mutation and mutation removal. [mutagenic meat]
 66182 | Depths:4 | Noticed a juggernaut
 66182 | Depths:4 | a shard shrike changed into a juggernaut
 66184 | Depths:4 | a juggernaut changed into a shard shrike
 66298 | Depths:4 | Gained mutation: Your magical capacity is low (-10% MP). [mutagenic meat]
 66299 | Depths:4 | Lost mutation: Your muscles are strong. (Str +2) [mutagenic meat]
 66348 | Depths:4 | Got an ancient granite ring
 66350 | Depths:4 | Identified the ring of Scepticism {Wiz Dex+4} (You found it on level 4 of the Depths)
 66364 | Depths:4 | Got a transparent tin amulet
 66365 | Depths:4 | Identified the amulet of Naeliom {Faith Str-5 Int+2 SInv} (You found it on level 4 of the Depths)
 66425 | Depths:4 | Got a flickering jade amulet
 66428 | Depths:4 | Identified the amulet of Xag Qiuc {Reflect rPois Str-2 Int+3 SH+5} (You took it off a salamander stormcaller on level 4 of the Depths)
 66516 | Depths:4 | Got a pitted jade amulet
 66693 | Depths:4 | Identified the amulet of Qunnipsi {Faith -Tele rPois rC- Dex+8} (You found it on level 4 of the Depths)
 66962 | Depths:4 | Gained mutation: You are weak. (Str -2) [potion of mutation]
 66962 | Depths:4 | Gained mutation: You have hoof-like feet. [potion of mutation]
 66973 | Depths:4 | Lost mutation: You occasionally shout uncontrollably at your foes. [potion of cure mutation]
 66974 | Depths:4 | Lost mutation: You tend to lose your temper in combat. [potion of cure mutation]
 67192 | Depths:5 | Entered Level 5 of the Depths
 67219 | Depths:5 | Found a flickering gateway to a bazaar.
 67243 | Bazaar   | Entered a bazaar
 67243 | Bazaar   | Found Qoer's Jewellery Shop.
 67243 | Bazaar   | Found Waez's Distillery.
 67280 | Bazaar   | Found Surunoowy's Antique Weapon Boutique.
 67280 | Bazaar   | Found Mismafoc's Antique Armour Boutique.
 67300 | Bazaar   | Bought an ichor-stained shield for 199 gold pieces
 67310 | Bazaar   | Identified the +5 shield of the Dungeon {rF+ Int+3 Dex-2 Slay+3} (You bought it in a shop in a bazaar)
 67313 | Bazaar   | Bought a pair of embroidered gloves for 94 gold pieces
 67323 | Bazaar   | Bought a pair of glowing gloves for 94 gold pieces
 67350 | Bazaar   | Found Jemifriq's General Store.
 67369 | Bazaar   | Bought the ring of Jyneepho {rF+ rN+ Dex+3 Stlth+} for 672 gold pieces
 67380 | Bazaar   | Bought a potion of curing for 33 gold pieces
 67380 | Bazaar   | Bought a potion of cure mutation for 275 gold pieces
 67380 | Bazaar   | Bought a potion of curing for 33 gold pieces
 67380 | Bazaar   | Bought a potion of heal wounds for 55 gold pieces
 67380 | Bazaar   | Bought a potion of mutation for 27 gold pieces
 67380 | Bazaar   | Bought a potion of curing for 33 gold pieces
 67380 | Bazaar   | Bought a potion of berserk rage for 55 gold pieces
 67380 | Bazaar   | Bought a potion of might for 44 gold pieces
 67380 | Bazaar   | Bought a potion of curing for 33 gold pieces
 67754 | Vaults:2 | You paid a toll of 19 potions of curing to enter a treasure trove
 67755 | Trove    | Entered a treasure trove
 67766 | Trove    | Got a pair of jewelled gloves
 67777 | Trove    | Identified the +1 pair of gloves of Mouh {rElec Dex+3} (You found it in a treasure trove)
 67796 | Trove    | Got a pair of brightly glowing boots
 67807 | Trove    | Identified the +1 pair of boots "Dup Zam" {rElec MR+} (You found it in a treasure trove)
 67810 | Trove    | Got a pair of twisted gloves
 67821 | Trove    | Identified the +0 pair of gloves of Qieredesk {*Confuse rC+++ MP+9 Str+4} (You found it in a treasure trove)
 67867 | Trove    | Got a slimy hat
 67878 | Trove    | Identified the +2 hat "Nayxatiw" {rPois Slay+3} (You found it in a treasure trove)
 68266 | Elf:3    | Entered Level 3 of the Elven Halls
 68735 | Elf:3    | Reached skill level 10 in Shields
 68816 | Elf:3    | Got a flickering bronze ring
 68837 | Elf:3    | Got a clouded iron ring
 68841 | Elf:3    | Got a coiled wooden ring
 68843 | Elf:3    | Identified the ring "Lutij" {rCorr rElec} (You found it on level 3 of the Elven Halls)
 68868 | Elf:3    | Identified the Papyrus of Twisted Summoning
 68873 | Elf:3    | Learned a level 2 spell: Blink
 68932 | Elf:3    | Identified the ring of Wimuz {+Fly MR+ Int+2} (You found it on level 3 of the Elven Halls)
 68935 | Elf:3    | Identified the ring of Fulesk {MR++ Int-3 Dex+2 Slay+4 Stlth-} (You took it off a deep elf annihilator on level 3 of the Elven Halls)
 68965 | Elf:3    | Lost mutation: Your magical capacity is low (-10% MP). [mutagenic meat]
 69109 | Elf:3    | Got a shimmering brass ring
 69111 | Elf:3    | Identified the ring "Wulufu" {+Blink rElec rC- MP+9 Dex+2 SInv} (You found it on level 3 of the Elven Halls)
 69463 | Slime:1  | Entered Level 1 of the Pits of Slime
 69619 | Slime:5  | Gained mutation: Scrolls take you a little longer to read. [a shining eye]
 69642 | Slime:6  | Entered Level 6 of the Pits of Slime
 69687 | Slime:6  | Noticed the Royal Jelly
 69693 | Slime:6  | Killed the Royal Jelly
 69754 | Slime:6  | Got a clouded ivory amulet
 69757 | Slime:6  | Identified the amulet of Nihilism {Spirit rPois Int+6 SInv} (You found it on level 6 of the Pits of Slime)
 69782 | Slime:6  | Got a slimy rune of Zot
 69902 | Slime:6  | Identified the Tome of Fiery Shape Shifting
 69908 | Slime:6  | Identified the Grimoire of Henotheism
 69930 | Slime:6  | Got a flickering iron ring
 69932 | Slime:6  | Identified the ring "Goatexitz" {+Blink rElec rF- rN+ SInv} (You found it on level 6 of the Pits of Slime)
 70049 | Lair:8   | Gained mutation: Your flesh is heat resistant. [potion of mutation]
 70378 | Pan      | Entered the realm of Cerebov.
 70378 | Pan      | Entered Pandemonium
 70563 | Pan      | Identified the Grimoire of Destructive Evil
 70591 | Pan      | Got a glittering ruby amulet
 70594 | Pan      | Identified the amulet of Freedom {Inacc Str+5} (You found it in Pandemonium)
 70601 | Pan      | Got a brightly glowing amber ring
 70603 | Pan      | Identified the ring of Bepomirch {rN+ MP+9 Dex+4 Slay+2 Stlth+} (You found it in Pandemonium)
 70780 | Pan      | Reached skill level 15 in Shields
 70812 | Pan      | Noticed Cerebov
 70889 | Pan      | Killed Cerebov
 71073 | Pan      | Got a fiery rune of Zot
 71160 | Pan      | Reached skill level 10 in Spellcasting
 71282 | Pan      | Found an exit through the horrors of the Abyss.
 71735 | Pan      | Found an exit through the horrors of the Abyss.
 71748 | Pan      | Reached skill level 10 in Air Magic
 72016 | Pan      | Found a huge runed gate.
 72037 | Pan      | Noticed Doyhy the pandemonium lord
 72050 | Pan      | Killed Doyhy the pandemonium lord
 72058 | Pan      | Found an exit through the horrors of the Abyss.
 72185 | Pan      | Noticed Niesoij the pandemonium lord
 72196 | Pan      | Killed Niesoij the pandemonium lord
 72245 | Pan      | Got a demonic rune of Zot
 72288 | Pan      | Got an ancient glass ring
 72290 | Pan      | Identified the ring "Rejumobb" {Ice +Fly} (You found it in Pandemonium)
 72309 | Pan      | Gained mutation: You tend to lose your temper in combat. [a neqoxec]
 72399 | Pan      | Found an exit through the horrors of the Abyss.
 72449 | Pan      | Gained mutation: Your spells are a little easier to cast, but a little less powerful. [a neqoxec]
 72751 | Pan      | Found an exit through the horrors of the Abyss.
 72821 | Pan      | Noticed Datutyeq the pandemonium lord
 72860 | Pan      | Killed Datutyeq the pandemonium lord
 73366 | Pan      | Found an exit through the horrors of the Abyss.
 73411 | Pan      | Learned a level 3 spell: Regeneration
 73414 | Pan      | Learned a level 2 spell: Song of Slaying
 73774 | Pan      | Paralysed by the power of Zot for 3 turns
 73905 | Pan      | Found an exit through the horrors of the Abyss.
 74118 | Pan      | Entered the realm of Gloorx Vloq.
 74193 | Pan      | Found an exit through the horrors of the Abyss.
 74644 | Pan      | Reached skill level 15 in Spellcasting
 74673 | Pan      | Noticed Gloorx Vloq
 74686 | Pan      | Killed Gloorx Vloq
 74754 | Pan      | Got a dark rune of Zot
 74934 | Pan      | Noticed Riugaroa the pandemonium lord
 74952 | Pan      | Killed Riugaroa the pandemonium lord
 75165 | Pan      | Found a huge runed gate.
 75174 | Pan      | Noticed Ewuimoen the pandemonium lord
 75198 | Pan      | Reached skill level 15 in Air Magic
 75213 | Pan      | Killed Ewuimoen the pandemonium lord
 75312 | Pan      | Got a translucent glass ring
 75361 | Pan      | Noticed Zuiricop the pandemonium lord
 75376 | Pan      | Killed Zuiricop the pandemonium lord
 75454 | Pan      | Noticed Qeabla Inuj the pandemonium lord
 75474 | Pan      | Killed Qeabla Inuj the pandemonium lord
 75539 | Pan      | Identified the ring of Qazlal's Delight {SustAt rN+ Stlth+} (You found it in Pandemonium)
 75568 | Pan      | Found an exit through the horrors of the Abyss.
 75620 | Pan      | Found a huge runed gate.
 75648 | Pan      | Noticed Houtur the pandemonium lord
 75661 | Pan      | Killed Houtur the pandemonium lord
 75864 | Pan      | Noticed Xunoytuo the pandemonium lord
 75883 | Pan      | Killed Xunoytuo the pandemonium lord
 75952 | Pan      | Entered the realm of Mnoleg.
 75960 | Pan      | Noticed Mnoleg
 75980 | Pan      | Killed Mnoleg
 76013 | Pan      | Gained mutation: You expend magic power (3 MP) to strengthen your wands. [a cacodemon]
 76025 | Pan      | Gained mutation: Scrolls take you longer to read. [a cacodemon]
 76071 | Pan      | Lost mutation: Your flesh is heat resistant. [mutagenic meat]
 76084 | Pan      | Gained mutation: You are covered in fur (AC +1). [mutagenic meat]
 76085 | Pan      | Lost mutation: You have hoof-like feet. [mutagenic meat]
 76095 | Pan      | Gained mutation: You are partially covered in large bone plates (AC +2, SH +2). [mutagenic meat]
 76096 | Pan      | Lost mutation: You are partially covered in large bone plates (AC +2, SH +2). [mutagenic meat]
 76098 | Pan      | Lost mutation: You are partially covered in rugged brown scales (AC +1, +3% HP). [mutagenic meat]
 76128 | Pan      | Got a glowing rune of Zot
 76191 | Pan      | Gained mutation: Your spells are easier to cast, but less powerful. [a neqoxec]
 76226 | Pan      | Gained mutation: You are frail (-10% HP). [a neqoxec]
 76237 | Pan      | Lost mutation: You are somewhat resistant to both further mutation and mutation removal. [potion of cure mutation]
 76237 | Pan      | Lost mutation: You are weak. (Str -2) [potion of cure mutation]
 76237 | Pan      | Lost mutation: You are resistant to hostile enchantments. [potion of cure mutation]
 76237 | Pan      | Lost mutation: You are frail (-10% HP). [potion of cure mutation]
 76237 | Pan      | Lost mutation: You have large cloven feet. [potion of cure mutation]
 76238 | Pan      | Lost mutation: You tend to lose your temper in combat. [potion of cure mutation]
 76238 | Pan      | Lost mutation: Your spells are easier to cast, but less powerful. [potion of cure mutation]
 76238 | Pan      | Lost mutation: Scrolls take you longer to read. [potion of cure mutation]
 76238 | Pan      | Lost mutation: You expend magic power (3 MP) to strengthen your wands. [potion of cure mutation]
 76476 | Pan      | Noticed Boibruh the pandemonium lord
 76484 | Pan      | Killed Boibruh the pandemonium lord
 77017 | Pan      | Noticed a seraph
 77061 | Pan      | Killed a seraph
 77087 | Pan      | Found a glowing golden altar of the Shining One.
 77463 | Pan      | HP: 4/166 [daeva/divine providence (8)]
 77918 | Pan      | Found a white marble altar of Elyvilon.
 78261 | Pan      | Entered the realm of Lom Lobon.
 78595 | Pan      | Noticed Lom Lobon
 78709 | Pan      | Killed Lom Lobon
 78737 | Pan      | Got a magical rune of Zot
 78871 | Pan      | Found an exit through the horrors of the Abyss.
 78980 | Pan      | Took an exit into the Abyss.
 78980 | Abyss:1  | Escaped into the Abyss
 79136 | Abyss:1  | Got a heavily runed chain mail
 79670 | Abyss:1  | Gained mutation: Your body sometimes deteriorates upon taking damage. [a neqoxec]
 79726 | Abyss:1  | Gained mutation: Your body often deteriorates upon taking damage. [mutagenic meat]
 79748 | Abyss:1  | Lost mutation: Your body often deteriorates upon taking damage. [potion of cure mutation]
 79748 | Abyss:1  | Lost mutation: Scrolls take you a little longer to read. [potion of cure mutation]
 79748 | Abyss:1  | Lost mutation: Your spells are a little easier to cast, but a little less powerful. [potion of cure mutation]
 79748 | Abyss:1  | Lost mutation: Your body sometimes deteriorates upon taking damage. [potion of cure mutation]
 79748 | Abyss:1  | Lost mutation: You are somewhat resistant to further mutation. [potion of cure mutation]
 80164 | Abyss:4  | Got an abyssal rune of Zot
 80240 | Abyss:5  | Entered Level 5 of the Abyss
 80295 | Depths:1 | Escaped the Abyss
 80505 | Orc:2    | Bought the ring of Pesabym {*Tele rC++ Str+2} for 506 gold pieces
 81024 | Zig:1    | Entered Level 1 of a ziggurat
 81054 | Zig:2    | Entered Level 2 of a ziggurat
 81083 | Zig:3    | Entered Level 3 of a ziggurat
 81083 | Zig:3    | Noticed Ewnir the pandemonium lord
 81098 | Zig:3    | Killed Ewnir the pandemonium lord
 81114 | Zig:4    | Entered Level 4 of a ziggurat
 81150 | Zig:4    | Learned a level 9 spell: Dragon's Call
 81171 | Zig:5    | Entered Level 5 of a ziggurat
 81205 | Zig:5    | Identified the Handbook of Flamy Conjuration
 81225 | Zig:6    | Entered Level 6 of a ziggurat
 81275 | Zig:6    | Identified Sif Muna's Disquisition on the Oath
 81301 | Zig:6    | Learned a level 6 spell: Haste
 81316 | Zig:7    | Entered Level 7 of a ziggurat
 81389 | Zig:8    | Entered Level 8 of a ziggurat
 81395 | Zig:8    | Noticed Doskusm the pandemonium lord
 81401 | Zig:8    | Reached skill level 1 in Charms
 81417 | Zig:8    | Killed Doskusm the pandemonium lord
 81431 | Zig:8    | Got a pair of dazzling boots
 81437 | Zig:8    | Identified the +0 pair of boots of Context {rF+ Str+3 Dex-3 SInv} (You found it on level 8 of a ziggurat)
 81446 | Zig:8    | Got a blackened quicksilver dragon armour
 81457 | Zig:8    | Identified the quicksilver dragon armour of Bedevilment {rElec MR+ Str+4 Dex-5} (You found it on level 8 of a ziggurat)
 81555 | Zig:9    | Entered Level 9 of a ziggurat
 81569 | Zig:9    | Noticed a greater mummy
 81570 | Zig:9    | Noticed a greater mummy
 81571 | Zig:9    | Noticed a greater mummy
 81582 | Zig:9    | Killed a greater mummy
 81584 | Zig:9    | Killed a greater mummy
 81585 | Zig:9    | Killed a greater mummy
 81625 | Zig:9    | Gained mutation: You are agile. (Dex +2) [potion of beneficial mutation]
 81627 | Zig:9    | Got a bound emerald amulet
 81628 | Zig:9    | Identified the amulet of Namimmoe {Reflect Str+4 SH+2} (You found it on level 9 of a ziggurat)
 81635 | Zig:9    | Identified Webotier's Catalogue of Sinister Aid
 81645 | Zig:9    | Identified the Papyrus of Earthen Summoning
 81650 | Zig:10   | Entered Level 10 of a ziggurat
 81717 | Zig:10   | Learned a level 8 spell: Necromutation
 81726 | Zig:10   | Learned a level 8 spell: Death's Door
 81735 | Zig:10   | Learned a level 8 spell: Borgnjor's Revivification
 81754 | Zig:11   | Entered Level 11 of a ziggurat
 81828 | Zig:12   | Entered Level 12 of a ziggurat
 81904 | Zig:12   | Got a fine lead amulet
 81905 | Zig:12   | Identified the amulet of Moderation {Inacc +Fly Str+4} (You found it on level 12 of a ziggurat)
 81945 | Zig:12   | Got a spiked troll leather armour
 81946 | Zig:12   | Identified the +1 troll leather armour of Heresy {*Corrode +Inv Regen+ Slay+4 Stlth-} (You found it on level 12 of a ziggurat)
 81956 | Zig:13   | Entered Level 13 of a ziggurat
 82057 | Zig:13   | Identified the Collected Works on Weightlessness and the Mountains (You found it on level 13 of a ziggurat)
 82142 | Zig:14   | Entered Level 14 of a ziggurat
 82223 | Zig:14   | Identified the Volume of the Evil Glacier (You found it on level 14 of a ziggurat)
 82227 | Zig:14   | Got a vibrating lead ring
 82229 | Zig:14   | Identified the ring of the Establishment {Wiz *Confuse Int+5} (You found it on level 14 of a ziggurat)
 82234 | Zig:14   | Got a vibrating zirconium amulet
 82235 | Zig:14   | Identified the amulet of Day {Dismiss +Inv Int-3 Dex+8 Stlth+} (You found it on level 14 of a ziggurat)
 82341 | Zig:15   | Entered Level 15 of a ziggurat
 82356 | Zig:15   | Noticed an ancient lich
 82376 | Zig:15   | Noticed an ancient lich
 82385 | Zig:15   | Killed an ancient lich
 82401 | Zig:15   | Killed an ancient lich
 82441 | Zig:15   | Got a crude steel ring
 82443 | Zig:15   | Identified the ring of Surprise {rElec Int-5 Dex+3 SInv Stlth+} (You found it on level 15 of a ziggurat)
 82540 | Zig:16   | Entered Level 16 of a ziggurat
 82636 | Zig:16   | Identified the Volume of Augmentations and the Volcanoes
 82672 | Zig:17   | Entered Level 17 of a ziggurat
 82930 | Zig:18   | Entered Level 18 of a ziggurat
 82943 | Zig:18   | Noticed Buuq the pandemonium lord
 82975 | Zig:18   | Killed Buuq the pandemonium lord
 83007 | Zig:18   | Learned a level 8 spell: Controlled Blink
 83015 | Zig:18   | Got a glittering ivory ring
 83017 | Zig:18   | Identified the ring "Tooduoz" {Ice rElec} (You found it on level 18 of a ziggurat)
 83025 | Zig:18   | Identified The Foundations of Theurgy
 83028 | Zig:18   | Got a crude cloak
 83039 | Zig:18   | Identified the cursed +0 cloak "Uklea" {Int+3} (You found it on level 18 of a ziggurat)
 83048 | Zig:18   | Identified the Papyrus of the Manifold Souls
 83122 | Zig:19   | Entered Level 19 of a ziggurat
 83238 | Zig:19   | Got a bound graven amulet
 83239 | Zig:19   | Identified the amulet of the Barracuda {Dismiss +Inv Int+5} (You found it on level 19 of a ziggurat)
 83280 | Zig:20   | Entered Level 20 of a ziggurat
 83297 | Zig:20   | Noticed Udaasulujy the pandemonium lord
 83307 | Zig:20   | Gained mutation: Your spells are a little easier to cast, but a little less powerful. [a neqoxec]
 83314 | Zig:20   | Killed Udaasulujy the pandemonium lord
 83354 | Zig:20   | Got a crude iron amulet
 83355 | Zig:20   | Identified the amulet "Coskanuv" {Inacc *Confuse rElec rC+ Str+3} (You found it on level 20 of a ziggurat)
 83360 | Zig:20   | Got a glittering tin ring
 83362 | Zig:20   | Identified the ring "Jaddext" {*Contam +Inv rC++ SInv} (You found it on level 20 of a ziggurat)
 83381 | Zig:20   | Got a pair of transparent gloves
 83382 | Zig:20   | Identified the +2 pair of gloves of Philately {rElec} (You found it on level 20 of a ziggurat)
 83392 | Zig:20   | Got a translucent iron amulet
 83393 | Zig:20   | Identified the amulet "Kozxitag" {Reflect Dex+3 SH+2} (You found it on level 20 of a ziggurat)
 83417 | Zig:21   | Entered Level 21 of a ziggurat
 83448 | Zig:21   | Reached skill level 1 in Necromancy
 83472 | Zig:21   | Got an ancient jade ring
 83713 | Depths:2 | Identified the ring of Goumn {rC+ MR+++ MP+9 Slay-3 Stlth-} (You found it on level 21 of a ziggurat)
 83821 | Hell     | Entered the Vestibule of Hell
 83821 | Hell     | Noticed Geryon
 83850 | Hell     | Killed Geryon
 83970 | Hell     | Found a gateway to the Iron City of Dis.
 84007 | Hell     | Found a gateway to the freezing wastes of Cocytus.
 84099 | Coc:1    | Entered Level 1 of Cocytus
 84805 | Coc:3    | Reached skill level 5 in Charms
 85206 | Coc:4    | Reached skill level 5 in Necromancy
 85534 | Coc:5    | Found a shimmering altar of Xom.
 85847 | Coc:5    | Found a shadowy altar of Dithmenos.
 86086 | Coc:6    | Cast into level 2 of the Abyss (skeletal warrior)
 86234 | Coc:6    | Escaped the Abyss
 86600 | Coc:7    | Entered Level 7 of Cocytus
 87059 | Coc:7    | Noticed Antaeus
 87216 | Coc:7    | Killed Antaeus
 87229 | Coc:7    | Got an icy rune of Zot
 87304 | Coc:7    | Got a steaming golden ring
 87305 | Coc:7    | Identified the ring "Kuri" {rC+ Str+4 Stlth+} (You found it on level 7 of Cocytus)
 87498 | Hell     | Found a gateway to the ashen valley of Gehenna.
 87546 | Hell     | Found a gateway to the decaying netherworld of Tartarus.
 87560 | Tar:1    | Entered Level 1 of Tartarus
 87963 | Tar:1    | Noticed an ancient lich
 87974 | Tar:1    | Killed an ancient lich
 90091 | Tar:7    | Entered Level 7 of Tartarus
 90334 | Tar:7    | Reached skill level 10 in Charms
 90791 | Tar:7    | Noticed Ereshkigal
 90812 | Tar:7    | Killed Ereshkigal
 90842 | Tar:7    | Got a bone rune of Zot
 90994 | Tar:7    | Reached skill level 10 in Necromancy
 91906 | Geh:1    | Entered Level 1 of Gehenna
 92532 | Geh:7    | Entered Level 7 of Gehenna
 92685 | Geh:7    | Gained mutation: You are occasionally teleported next to monsters. [mutagenic glow]
 92744 | Geh:7    | Gained mutation: You are dopey. (Int -2) [mutagenic glow]
 92861 | Geh:7    | Noticed Asmodeus
 92892 | Geh:7    | Killed Asmodeus
 92910 | Geh:7    | Got an obsidian rune of Zot
 93012 | Geh:7    | Lost mutation: You are occasionally teleported next to monsters. [potion of cure mutation]
 93012 | Geh:7    | Lost mutation: Your spells are a little easier to cast, but a little less powerful. [potion of cure mutation]
 93012 | Geh:7    | Lost mutation: You are dopey. (Int -2) [potion of cure mutation]
 93012 | Geh:7    | Lost mutation: You are covered in fur (AC +1). [potion of cure mutation]
 93155 | Dis:1    | Entered Level 1 of the Iron City of Dis
 93244 | Dis:1    | Reached skill level 27 in Spellcasting
 93493 | Dis:4    | Noticed an iron giant
 93495 | Dis:4    | Noticed an iron giant
 93510 | Dis:4    | Killed an iron giant
 93513 | Dis:4    | Killed an iron giant
 93639 | Dis:7    | Entered Level 7 of the Iron City of Dis
 93769 | Dis:7    | Noticed an iron giant
 93777 | Dis:7    | Noticed an iron giant
 93804 | Dis:7    | Killed an iron giant
 94615 | Dis:7    | Noticed an iron giant
 94632 | Dis:7    | Killed an iron giant
 94722 | Dis:7    | Noticed an iron giant
 94738 | Dis:7    | Killed an iron giant
 94966 | Dis:7    | Noticed an iron giant
 94980 | Dis:7    | Killed an iron giant
 94980 | Dis:7    | Reached skill level 15 in Necromancy
 95155 | Dis:7    | Noticed the Serpent of Hell
 95213 | Dis:7    | Killed the Serpent of Hell
 95559 | Dis:7    | Got a smoking steel amulet
 95560 | Dis:7    | Identified the amulet of Pargheim {Faith Dex+7 Stlth+} (You found it on level 7 of the Iron City of Dis)
 95591 | Dis:7    | Noticed Dispater
 95718 | Dis:7    | Killed Dispater
 95747 | Dis:7    | Gained mutation: You are frail (-10% HP). [a cacodemon]
 95750 | Dis:7    | Gained mutation: Your magical capacity is low (-10% MP). [a cacodemon]
 95759 | Dis:7    | Lost mutation: Your magical capacity is low (-10% MP). [potion of cure mutation]
 95759 | Dis:7    | Lost mutation: You regenerate slowly when monsters are visible. [potion of cure mutation]
 95759 | Dis:7    | Lost mutation: You are frail (-10% HP). [potion of cure mutation]
 95759 | Dis:7    | Lost mutation: You are agile. (Dex +2) [potion of cure mutation]
 95783 | Dis:7    | Gained mutation: You are weak. (Str -2) [a cacodemon]
 95810 | Dis:7    | Got an iron rune of Zot
 95817 | Dis:7    | Lost mutation: You have sharp fingernails. [potion of cure mutation]
 95817 | Dis:7    | Lost mutation: You are weak. (Str -2) [potion of cure mutation]
 95945 | Dis:7    | Killed an iron giant
 96782 | Tomb:1   | Entered Level 1 of the Tomb of the Ancients
 97131 | Tomb:1   | Noticed a greater mummy
 97135 | Tomb:1   | Noticed a greater mummy
 97161 | Tomb:1   | Gained mutation: Your magical capacity is low (-10% MP). [mutagenic glow]
 97216 | Tomb:1   | Killed a greater mummy
 97334 | Tomb:1   | Gained mutation: You have a pair of small antennae on your head. [mutagenic glow]
 97373 | Tomb:1   | Got a heavily runed steel ring
 97375 | Tomb:1   | Identified the ring of Xiwk {rC+ Int+3} (You took it off a mummy priest on level 1 of the Tomb of the Ancients)
 97512 | Tomb:1   | Killed a greater mummy
 97698 | Tomb:2   | Noticed a greater mummy
 97698 | Tomb:2   | Noticed a greater mummy
 97698 | Tomb:2   | Noticed a greater mummy
 97698 | Tomb:2   | Noticed a greater mummy
 97855 | Tomb:1   | Killed a greater mummy
 97858 | Tomb:1   | Killed a greater mummy
 97997 | Tomb:2   | Killed a greater mummy
 98015 | Tomb:2   | Killed a greater mummy
 98233 | Tomb:2   | Lost mutation: You have a pair of small antennae on your head. [potion of cure mutation]
 98259 | Tomb:1   | Noticed a greater mummy
 98260 | Tomb:1   | Noticed a greater mummy
 98261 | Tomb:1   | Noticed a greater mummy
 98262 | Tomb:1   | Noticed a greater mummy
 98271 | Tomb:1   | Noticed a greater mummy
 98272 | Tomb:1   | Killed a greater mummy
 98284 | Tomb:1   | Killed a greater mummy
 98289 | Tomb:1   | Killed a greater mummy
 98293 | Tomb:1   | Killed a greater mummy
 98293 | Tomb:1   | Reached skill level 27 in Air Magic
 98297 | Tomb:1   | Killed a greater mummy
 98299 | Tomb:1   | Noticed a greater mummy
 98299 | Tomb:1   | Noticed a greater mummy
 98308 | Tomb:1   | Killed a greater mummy
 98314 | Tomb:1   | Killed a greater mummy
 98350 | Tomb:1   | Noticed a greater mummy
 98366 | Tomb:1   | Killed a greater mummy
 98372 | Tomb:1   | Noticed a greater mummy
 98387 | Tomb:1   | Noticed a greater mummy
 98389 | Tomb:1   | Killed a greater mummy
 98395 | Tomb:1   | Killed a greater mummy
 98410 | Tomb:1   | Noticed a greater mummy
 98416 | Tomb:1   | Noticed a greater mummy
 98424 | Tomb:1   | Killed a greater mummy
 98427 | Tomb:1   | Noticed a greater mummy
 98591 | Tomb:1   | Killed a greater mummy
 98651 | Tomb:1   | Killed a greater mummy
 98678 | Tomb:1   | Noticed a greater mummy
 98682 | Tomb:1   | Noticed a greater mummy
 98688 | Tomb:1   | Noticed a greater mummy
 98691 | Tomb:1   | Killed a greater mummy
 98693 | Tomb:1   | Noticed a greater mummy
 98699 | Tomb:1   | Noticed a greater mummy
 98704 | Tomb:1   | Killed a greater mummy
 98707 | Tomb:1   | Noticed a greater mummy
 98714 | Tomb:1   | Killed a greater mummy
 98721 | Tomb:1   | Noticed a greater mummy
 98724 | Tomb:1   | Noticed a greater mummy
 98799 | Tomb:1   | Killed a greater mummy
 98836 | Tomb:1   | Killed a greater mummy
 98849 | Tomb:1   | Killed a greater mummy
 98867 | Tomb:1   | Killed a greater mummy
 98926 | Tomb:1   | Killed a greater mummy
 99154 | Tomb:3   | Entered Level 3 of the Tomb of the Ancients
 99166 | Tomb:3   | Noticed a greater mummy
 99170 | Tomb:3   | Noticed a greater mummy
 99172 | Tomb:3   | Noticed a greater mummy
 99176 | Tomb:3   | Noticed a greater mummy
 99185 | Tomb:3   | Killed a greater mummy
 99193 | Tomb:3   | Killed a greater mummy
 99208 | Tomb:3   | Killed a greater mummy
 99308 | Tomb:3   | Noticed a greater mummy
 99318 | Tomb:3   | Killed a greater mummy
 99328 | Tomb:3   | Killed a greater mummy
 99385 | Tomb:3   | Noticed Khufu
 99398 | Tomb:3   | Killed Khufu
 99400 | Tomb:3   | Noticed a greater mummy
 99401 | Tomb:3   | Noticed a greater mummy
 99427 | Tomb:3   | Killed a greater mummy
 99429 | Tomb:3   | Noticed a greater mummy
 99434 | Tomb:3   | Killed a greater mummy
 99446 | Tomb:3   | Killed a greater mummy
 99542 | Tomb:3   | Got a golden rune of Zot
 99564 | Tomb:3   | Gained mutation: You are resistant to hostile enchantments. [potion of mutation]
 99564 | Tomb:3   | Gained mutation: Your skin changes colour to match your surroundings (Stealth). [potion of mutation]
 99564 | Tomb:3   | Gained mutation: Your spells are a little easier to cast, but a little less powerful. [potion of mutation]
 99565 | Tomb:3   | Gained mutation: You have a pair of small horns on your head. [potion of mutation]
 99565 | Tomb:3   | Gained mutation: You have a pair of horns on your head. [potion of mutation]
 99746 | Tomb:3   | Learned a level 6 spell: Invisibility
 99759 | Zig:1    | Entered Level 1 of a ziggurat
 99778 | Zig:2    | Entered Level 2 of a ziggurat
 99809 | Zig:3    | Entered Level 3 of a ziggurat
 99840 | Zig:3    | Lost mutation: Your spells are a little easier to cast, but a little less powerful. [potion of cure mutation]
 99840 | Zig:3    | Lost mutation: Your skin changes colour to match your surroundings (Stealth). [potion of cure mutation]
 99840 | Zig:3    | Lost mutation: Your magical capacity is low (-10% MP). [potion of cure mutation]
 99840 | Zig:3    | Lost mutation: You have a pair of horns on your head. [potion of cure mutation]
 99840 | Zig:3    | Lost mutation: You are resistant to hostile enchantments. [potion of cure mutation]
 99841 | Zig:3    | Lost mutation: You have a pair of small horns on your head. [potion of cure mutation]
 99855 | Zig:4    | Entered Level 4 of a ziggurat
 99858 | Zig:4    | Noticed an iron giant
100708 | Depths:5 | Found a gate to the Realm of Zot.
100734 | Zot:1    | Entered Level 1 of the Realm of Zot
101203 | Zot:5    | Entered Level 5 of the Realm of Zot
101371 | Zot:5    | Noticed an orb of fire
101384 | Zot:5    | Noticed an orb of fire
101384 | Zot:5    | Killed an orb of fire
101390 | Zot:5    | Noticed an orb of fire
101391 | Zot:5    | Noticed an orb of fire
101392 | Zot:5    | Gained mutation: You are dopey. (Int -2) [an orb of fire]
101402 | Zot:5    | Killed an orb of fire
101406 | Zot:5    | Gained mutation: You are frail (-10% HP). [an orb of fire]
101410 | Zot:5    | Gained mutation: You occasionally shout uncontrollably at your foes. [an orb of fire]
101411 | Zot:5    | Killed an orb of fire
101412 | Zot:5    | Killed an orb of fire
101522 | Zot:5    | Noticed an orb of fire
101534 | Zot:5    | Gained mutation: Your spells are a little easier to cast, but a little less powerful. [an orb of fire]
101544 | Zot:5    | Noticed an orb of fire
101545 | Zot:5    | Killed an orb of fire
101554 | Zot:5    | Gained mutation: Your spells are easier to cast, but less powerful. [an orb of fire]
101558 | Zot:5    | Gained mutation: Scrolls take you a little longer to read. [an orb of fire]
101559 | Zot:5    | Killed an orb of fire
101571 | Zot:5    | Got the Orb of Zot
101578 | Zot:5    | Noticed an ancient lich
101579 | Zot:5    | Noticed an orb of fire
101580 | Zot:5    | Gained mutation: You are clumsy. (Dex -2) [an orb of fire]
101584 | Zot:5    | Noticed an ancient lich
101586 | Zot:5    | Killed an ancient lich
101593 | Zot:5    | Killed an orb of fire
101595 | Zot:5    | Killed an ancient lich
101628 | Zot:5    | Noticed an orb of fire
101631 | Zot:5    | Gained mutation: You sometimes yell uncontrollably at your foes. [an orb of fire]
101639 | Zot:5    | Gained mutation: You expend magic power (3 MP) to strengthen your wands. [an orb of fire]
101643 | Zot:5    | Gained mutation: Your body sometimes deteriorates upon taking damage. [an orb of fire]
101646 | Zot:5    | Gained mutation: You regenerate slowly when monsters are visible. [an orb of fire]
101650 | Zot:5    | Killed an orb of fire
101660 | Zot:5    | Gained mutation: You are very frail (-20% HP). [a cacodemon]
101732 | Zot:5    | Noticed an ancient lich
101741 | Zot:5    | Killed an ancient lich
101846 | Zot:3    | Noticed Nasemudy the pandemonium lord
101878 | Zot:3    | Killed Nasemudy the pandemonium lord
102173 | Depths:1 | Gained mutation: You are very dopey. (Int -4) [a neqoxec]
102175 | Depths:1 | Gained mutation: You are very clumsy. (Dex -4) [a neqoxec]
102247 | D:15     | Noticed Tuitz the pandemonium lord
102258 | D:15     | Killed Tuitz the pandemonium lord
102514 | D:7      | Noticed Otym the pandemonium lord
102528 | D:7      | Killed Otym the pandemonium lord
102747 | D:$      | Escaped with the Orb!

Vault maps used:
D:1:      dpeg_arrival_morbid_curiosity, minmay_misc_feat_doors
D:2:      xom_redecorated, elyvilon_altar_1, zin_angel,
          kennysheep_generic_room_4
D:3:      grunt_temple_overflow_opulence, marbit_many_paths,
          yredelemnul_forgotten_temple_becter, first_bread, uniq_jessica,
          uniq_grinder
D:4:      vehumet_statue, temple_pool_a
D:5:      kennysheep_mini, lemuel_flamethrower_1
D:6:      nicolae_ossuary_entry_monument
D:8:      overflow_temple_1_default, basic_altar, nicolae_tso_besieged_by_evil,
          uniq_prince_ribbit1
D:9:      gammafunk_temple_overflow_wave, blue_anna_alchemist,
          nicolae_looking_at_the_future
D:10:     lair_0_dummy, basic_altar
D:11:     serial_undead, serial_undead_c, serial_undead_b, serial_undead_c,
          serial_undead_c, serial_undead_a, serial_undead_e, serial_undead_e,
          serial_undead_b, serial_undead_c, serial_undead_d, serial_shops,
          nicolae_shop_overgrown_old_shop
D:12:     hiddenorc2_lemuel, serial_shops, nicolae_shop_crystal
D:14:     grunt_vaults_entry_tiered, yredelemnul_altar_generic,
          grunt_ministairs_8, johnstein_pakellas_shop, uniq_roxanne
D:15:     grunt_enter_depths_snipers, uniq_sonja
Lair:1:   beast_lair_carwin_7, uniq_joseph
Lair:3:   lemuel_fruit_fields, grunt_megastairs_4, serial_bayou_shore_b
Lair:4:   grunt_forest_small_clearing_treed, lemuel_fruit_tree
Lair:5:   elwin_shoals_entry_rocks, st_stairs_5, beast_lair_carwin_9
Lair:6:   nicolae_spider_entry_tight_spaces, enter_volcano_1, lookout_lair_type,
          grunt_megastairs_5
Lair:7:   infiniplex_staircase_pool
Lair:8:   due_jungle_book, nicolae_slime_entry_slimehenge,
          grunt_forest_small_clearings, minivault_25, minmay_lindwurm_lava
Shoals:2: uniq_polyphemus
Shoals:3: uniq_louise
Shoals:4: shoals_end_grunt_ice, shoal_ilsuiw
Spider:2: nicolae_spider_cling_ruins
Spider:4: grunt_spider_rune_circles
Slime:2:  uniq_dissolution
Orc:1:    serial_shops, shop
Orc:2:    grunt_orc_cross, uniq_maud, uniq_snorg, uniq_nessos
Elf:1:    eino_elf_arrival_altar, evilmike_minifort
Elf:3:    elf_hall
Vaults:1: dpeg_vaults_pockets_of_resistance, grunt_vaults_focal,
          hangedman_vaults_locks, v_misc_26, hangedman_vaults_stitches,
          v_misc_15, v_alt_pattern_4, nicolae_vaults_little_ls, v_pattern_4,
          nicolae_vaults_theta, nicolae_vaults_rhombus_6, grunt_vaults_diagonal,
          hangedman_vaults_slice, nicolae_vaults_shelves_hall,
          vaults_room_hallway, vaults_room_pools, serial_shops, uniq_norris
Vaults:2: minmay_crypt_entry_simple_box, hangedman_vaults_restitches,
          hangedman_vaults_trim, hangedman_vaults_stretched_pinwheel,
          nicolae_vaults_display_case, nicolae_vaults_three_branches,
          dpeg_vaults_monster_box, nicolae_trove_entry_columns, serial_shops,
          shop, uniq_mennas, uniq_margery, uniq_jory
Vaults:3: ontoclasm_vaults_shout, nicolae_vaults_arrows, hangedman_vaults_pinch,
          nicolae_vaults_big_ls, v_misc_26, vaults_room_door_ring, v_misc_12,
          vaults_mumra_hex, vaults_room_stairs_pillars,
          nicolae_vaults_little_squares_4, ontoclasm_vaults_ligature,
          vaults_room_fancy_cross, vaults_room_semicircle,
          nicolae_vaults_little_squares_3
Vaults:4: v_alt_pattern_1, vaults_dpeg_ring, v_rooms_2, vaults_room_ringed_pool,
          st_spiral_rooms, v_misc_19, ontoclasm_vaults_fault, v_rooms_6,
          v_rooms_1, ontoclasm_vaults_pinch, vaults_room_hallway, uniq_donald,
          uniq_wiglaf
Vaults:5: serial_shops
Crypt:1:  st_stairs_3, minmay_misc_feat_ornament, uniq_frederick, uniq_xtahua
Crypt:2:  minicrypt_bobbens
Crypt:3:  evilmike_haunted_forest
Depths:1: hangedman_arch_fort, wad_floor_pattern_1, hangedman_coc_ice_floe,
          pan_entry, serial_shops, shop_fountains
Depths:2: constructs_gauntlet_mu_hangedman, enter_ziggurat_d, abyss_entry,
          hellmouth_1, hangedman_decor_growths, kennysheep_generic_room_9,
          infiniplex_staircase_pillars_1, firewood_loft, uniq_jorgrun,
          uniq_saint_roka
Depths:3: grated_community_mu, grunt_pan_entry_in_and_out,
          abyss_entry_flame_altar, hell_entry, minmay_misc_feat_alley,
          mu_enter_wizlab_2, minmay_hedge_maze, hangedman_glass_teeth,
          grunt_ministairs_2, uniq_enchantress, uniq_mara, uniq_sojobo
Depths:4: radiant_caverns_b_rkd, abyss_entry, hell_entry
Depths:5: grunt_twist_and_shout, minmay_misc_feat_rows, serial_shops,
          bzr_entry_gold, hangedman_tar_grid_catacomb, grunt_decor_resistance,
          minmay_door_square
Dis:2:    hangedman_dis_monolith
Dis:4:    evilmike_ambush
Dis:5:    lemuel_dis_dragons
Dis:7:    iron_city_of_dis
Geh:6:    hangedman_elemental_corridor
Geh:7:    geh_grunt_pentagon
Coc:5:    hangedman_feature_mirror
Coc:7:    coc_grunt_cove
Tar:1:    grunt_deathspiral_small
Tar:2:    hangedman_damned_closets
Tar:4:    evilmike_ambush
Tar:6:    nicolae_tar_cuneiform_bread
Tar:7:    tar_mu
Zot:1:    circus_mu
Zot:2:    grunt_zot_stairs_faceoff, basic_stair_grate_trap
Zot:3:    hangedman_zot_vaults_quadrants, zot_minivault_5
Zot:5:    st_stairs_11
Abyss:3:  bh_abyss_negative
Abyss:4:  evilmike_abyss_rune_elephants, evilmike_abyss_exit_13
Abyss:5:  evilmike_abyss_exit_disperse, evilmike_abyss_exit_smiterflies
Pan:      cerebov, pan_blood_fountain_small, nicolae_pan_glass_arcs,
          pan_blood_fountain_small, evilmike_mini_pan_doors,
          pan_blood_fountain_small, rand_demon_4, reaverb_pan_chaos_star,
          nicolae_pan_gloorx_vloqian_1, nicolae_pan_strange_glyphs,
          evilmike_mini_pan_thingy, nicolae_pan_giant_door, pan_blood_fountain,
          lemuel_hall_of_pain, evilmike_mini_pan_pillars,
          nicolae_pan_sigil_nadil, evilmike_mini_pan_doors_b,
          pan_blood_fountain_small, nicolae_pan_performance_anxiety,
          rand_demon_5, rand_demon_3, nicolae_pan_gloorx_vloqian_2,
          grunt_pan_spiral, pan_blood_fountain_small, gloorx_vloq_st,
          evilmike_mini_pan_pillars_b, pan_blood_fountain_2,
          nicolae_pan_mnolegish_2, evilmike_mini_pan_doors,
          evilmike_mini_pan_corner, nicolae_pan_sigil_nadil,
          nicolae_pan_giant_door, rand_demon_4, pan_blood_fountain,
          rand_demon_3, pan_blood_fountain_small, nicolae_pan_hourglass,
          nicolae_pan_glass_arcs, pan_blood_fountain_small,
          nicolae_pan_giant_door, grunt_pan_spiral, mnoleg_grunt,
          pan_blood_fountain, nicolae_pan_mnolegish_3, grunt_pan_spiral,
          nicolae_pan_sigil_itan, evilmike_mini_pan_T,
          nicolae_pan_strange_glyphs, evilmike_holy_pan,
          lom_lobon_grunt_wind_tunnels
Zig:6:    ziggurat_pillar_centre_c
Zig:11:   ziggurat_loot_1
Zig:15:   ziggurat_pillar_centre_drop
Zig:17:   ziggurat_pillar_centre_dead_trees
Bazaar:   bazaar_lake
Trove:    trove_armour_1
Ossuary:  ossuary_tomb_2
Volcano:  volcano_village
WizLab:   wizlab_cloud

Skill      XL: |  1  2  3  4  5  6  7  8  9 10 11 12 13 14 15 16 17 18 19 20 21 22 23 24 25 26 27 |
---------------+----------------------------------------------------------------------------------+-----
Axes           | 3 4 5 6 7 8 10 12 14 16 18 19 20 21 22 23 25 26 | 26.2
Armour         | 3 6 8 11 13 15 16 17 21 | 21.9
Dodging        | 2 4 6 8 10 13 15 17 19 20 24 | 24.5
Fighting       | 4 7 9 10 11 13 15 24 | 24.3
Shields        | 2 8 9 16 | 16.2
Spellcasting   | 3 27 | 27.0
Air Magic      | 3 27 | 27.0
Charms         | 14 | 14.1
Necromancy     | 21 | 21.8

Action                   |  1- 3 |  4- 6 |  7- 9 | 10-12 | 13-15 | 16-18 | 19-21 | 22-24 | 25-27 || total
-------------------------+-------+-------+-------+-------+-------+-------+-------+-------+-------++-------
Melee: Hand axe          |   125 |    94 |   711 |   338 |       |       |       |       |       ||  1268
       War axe           |       |       |       |   595 |   261 |    19 |       |       |       ||   875
       Battleaxe         |       |       |       |       |   891 |  1147 |   802 |   761 |       ||  3601
       Headbutt          |       |       |       |       |       |       |   126 |    16 |    43 ||   185
       Broad axe         |       |       |       |       |       |       |       |   992 |   405 ||  1397
       Executioner's axe |       |       |       |       |       |       |       |       |  1469 ||  1469
       Broad axe         |       |       |       |       |       |       |       |       |  2871 ||  2871
       Executioner's axe |       |       |       |       |       |       |       |       |  6966 ||  6966
 Cast: Tornado           |       |       |       |       |       |       |       |       |    79 ||    79
       Regeneration      |       |       |       |       |       |       |       |       |    71 ||    71
       Haste             |       |       |       |       |       |       |       |       |    26 ||    26
       Deflect Missiles  |       |       |       |       |       |       |       |       |     9 ||     9
       Blink             |       |       |       |       |       |       |       |       |     1 ||     1
Invok: Berserk           |     1 |     2 |     7 |    23 |     8 |    15 |    14 |    10 |       ||    80
       Trog's Hand       |       |     2 |       |       |       |     6 |     6 |       |       ||    14
       Burn Spellbooks   |       |       |       |     1 |     6 |     2 |       |     5 |       ||    14
       Brothers in Arms  |       |       |       |       |       |     4 |     5 |     2 |       ||    11
       Brand Weapon With |       |       |       |       |       |       |       |       |     1 ||     1
 Abil: Stop Flying       |       |       |       |       |     3 |     1 |     1 |     1 |       ||     6
       Fly               |       |       |       |       |     2 |     2 |       |     1 |     1 ||     6
       Evoke Berserk Rag |       |       |       |       |     1 |       |       |       |       ||     1
       Fly               |       |       |       |       |       |       |       |       |     3 ||     3
       Stop Flying       |       |       |       |       |       |       |       |       |     2 ||     2
Evoke: Club              |       |       |       |     1 |     1 |     4 |       |       |     4 ||    10
       Wand              |       |       |       |       |       |       |       |       |    18 ||    18
       Figurine of a zig |       |       |       |       |       |       |       |       |     1 ||     1
  Use: Scroll            |       |       |    14 |    12 |    10 |     9 |     4 |    14 |    25 ||    88
       Potion            |       |       |       |       |       |     6 |     1 |     7 |     8 ||    22
       Potion            |       |       |       |       |       |       |       |       |    72 ||    72
       Scroll            |       |       |       |       |       |       |       |       |    62 ||    62
 Stab: Sleeping          |     1 |       |       |       |       |       |       |       |       ||     1
       Paralysed         |       |       |       |     6 |       |     1 |       |       |       ||     7
       Petrified         |       |       |       |       |     2 |       |       |       |       ||     2
       Petrifying        |       |       |       |       |     1 |     1 |       |       |       ||     2
       Distracted        |       |       |       |       |       |       |     1 |     6 |       ||     7
       Distracted        |       |       |       |       |       |       |       |       |    65 ||    65
       Sleeping          |       |       |       |       |       |       |       |       |    38 ||    38
       Petrifying        |       |       |       |       |       |       |       |       |     4 ||     4
       Petrified         |       |       |       |       |       |       |       |       |     2 ||     2
       Confused          |       |       |       |       |       |       |       |       |     1 ||     1
  Eat: Chunk             |     2 |     8 |    21 |    39 |    41 |    57 |    49 |    55 |    25 ||   297
       Royal jelly       |       |       |       |     1 |       |     3 |       |     2 |       ||     6
       Fruit             |       |       |       |     4 |       |       |       |     2 |    16 ||    22
       Bread ration      |       |       |       |     1 |       |       |       |       |       ||     1
       Beef jerky        |       |       |       |       |     3 |     2 |       |     4 |     1 ||    10
       Meat ration       |       |       |       |       |       |     2 |       |       |       ||     2
       Pizza             |       |       |       |       |       |     1 |       |     5 |     2 ||     8
       Chunk             |       |       |       |       |       |       |       |       |   116 ||   116
       Fruit             |       |       |       |       |       |       |       |       |    45 ||    45
       Bread ration      |       |       |       |       |       |       |       |       |    28 ||    28
       Royal jelly       |       |       |       |       |       |       |       |       |    11 ||    11
       Pizza             |       |       |       |       |       |       |       |       |     9 ||     9
       Beef jerky        |       |       |       |       |       |       |       |       |     7 ||     7
       Meat ration       |       |       |       |       |       |       |       |       |     1 ||     1
Armor: Animal skin       |    70 |    49 |     2 |       |       |       |       |       |       ||   121
       Chain mail        |       |       |   281 |   343 |       |       |     8 |   426 |   132 ||  1190
       Plate armour      |       |       |       |    45 |   332 |       |       |       |       ||   377
       Scale mail        |       |       |       |       |   232 |   654 |   377 |   426 |       ||  1689
       Pearl dragon armo |       |       |       |       |       |       |       |       |  1078 ||  1078
       Pearl dragon armo |       |       |       |       |       |       |       |       |   329 ||   329
       Mottled dragon ar |       |       |       |       |       |       |       |       |  3247 ||  3247
Dodge: Dodged            |   132 |    59 |    73 |    68 |   340 |   746 |   531 |  1163 |  1956 ||  5068
       Dodged            |       |       |       |       |       |       |       |       | 10725 || 10725
       Deflected         |       |       |       |       |       |       |       |       |    33 ||    33
Block: Large shield      |       |       |   388 |   589 |    94 |       |       |   871 |   332 ||  2274
       Large shield      |       |       |       |       |       |       |       |       |   767 ||   767
       Shield            |       |       |       |       |       |       |       |       |  1020 ||  1020
       Other             |       |       |       |       |       |       |       |       |    38 ||    38
